Workbook
Name Decision: [3]lista!$A$6:$A$7
Name Decision: [3]lista!$A$6:$A$7
Name Decision: [3]lista!$A$6:$A$7
Name Decision: [1]lista!$A$6:$A$7
Name PARTICIPACION: [3]lista!$A$15:$A$17
Name PARTICIPACION: [3]lista!$A$15:$A$17
Name PARTICIPACION: [3]lista!$A$15:$A$17
Name PARTICIPACION: [1]lista!$A$15:$A$17
Name Procedencia: [3]lista!$A$2:$A$3
Name Procedencia: [3]lista!$A$2:$A$3
Name Procedencia: [3]lista!$A$2:$A$3
Name Procedencia: [1]lista!$A$2:$A$3
Name tipo: [3]lista!$A$11:$A$13
Name tipo: [3]lista!$A$11:$A$13
Name tipo: [3]lista!$A$11:$A$13
Name tipo: [1]lista!$A$11:$A$13
Name x: [2]lista!$A$11:$A$13

Sheet Vigilancia 140904
C3: SECCION 4106-INSTITUTO COLOMBIANO DE BIENESTAR FAMILIAR
C4: DIRECCION ADMINISTRATIVA
C5: GRUPO PLANEACION ADMINISTRATIVA
C7: PRESUPUESTO SERVICIO DE SEGURIDAD Y VIGILANCIA NIVEL NACIONAL
C8: REGIONAL | D8: MACRO REGION | E8: TOTAL TURNOS VIGILANCIA | F8: COSTO MES 2014 | G8: 24 HORAS CON ARMA L A D FUNCIONAMIENTO | I8: 24 HORAS CON ARMA L A D INVERSION | K8: 24 HORAS CON ARMA L A D SIN IVA | M8: 24 HORAS SIN ARMA L A D | O8: 12 HORAS DIURNAS CON ARMA L A D | Q8: 12 HORAS DIURNAS CON ARMA L A V CON FESTIVOS | S8: 12 HRS DIURNAS SIN ARMA L A V CON FESTIVOS | U8: 12 HRS DIURNAS CON ARMA L A S CON FESTIVOS | W8: 12 HRS DIURNAS SIN ARMA L A D | Y8: 12 HRS DIURNAS SIN ARMA L A V SIN FESTIVOS | AA8: 12 HRS DIURNAS CON ARMA L A V SIN FESTIVOS | AC8: 12 HRS DIURNAS L A D CON CANINO | AE8: 12 HRS DIURNAS CON ARMA L A V CON CANINO | AG8: 4 HRS DIURNAS CON ARMA SABADO | AI8: 4 HRS DIURNAS CON ARMA L A V CON FESTIVOS SIN IVA | AK8: 4 HRS DIURNAS CON ARMA L A D | AM8: 4 HRS DIURNAS CON CANINO L A V | AO8: 8 HRS NOCTURNAS CON ARMA L A D | AQ8: 8 HRS NOCTURNAS CON ARMA L A V CON FESTIVOS SIN IVA | AS8: 8 HRS DIURNAS CON ARMA DOMINGO | AU8: 8 HRS DIURNAS CON ARMA SABADO | AW8: 8 HRS DIURNAS CON ARMA L A V CON FESTIVOS | AY8: 8HRS DIURNAS CON ARMA L A D | BA8: 8HRS DIURNAS SIN ARMA L A V CON FESTIVOS | BC8: 9 HRS DIURNAS CON ARMA L A V CON FESTIVOS | BE8: 9 HRS DIURNAS SIN ARMA L A V CON FESTIVOS | BG8: 10 HRS DIURNAS CON ARMA L A V CON FESTIVOS | BI8: 10 HRS DIURNAS CON ARMA L A D | BK8: 10 HRS DIURNAS SIN ARMA L A V CON FESTIVOS | BM8: 16HRS DIURNAS CON ARMA L A V CON FESTIVOS
G9: Q | H9: Valor | I9: Q | J9: Valor | K9: Q | L9: PUESTO | M9: Q | N9: Valor | O9: Q | P9: Valor | Q9: Q | R9: Valor | S9: Q | T9: Valor | U9: Q | V9: Valor | W9: Q | X9: Valor | Y9: Q | Z9: Valor | AA9: Q | AB9: Valor | AC9: Q | AD9: Valor | AE9: Q | AF9: Valor | AG9: Q | AH9: Valor | AI9: Q | AJ9: Valor | AK9: Q | AL9: Valor | AM9: Q | AN9: Valor | AO9: Q | AP9: Valor | AQ9: Q | AR9: Valor | AS9: Q | AT9: Valor | AU9: Q | AV9: Valor | AW9: Q | AX9: Valor | AY9: Q | AZ9: Valor | BA9: Q | BB9: Valor | BC9: Q | BD9: Valor | BE9: Q | BF9: Valor | BG9: Q | BH9: Valor | BI9: Q | BJ9: Valor | BK9: Q | BL9: Valor | BM9: Q | BN9: Valor
G10: Valor | H10: 6058286 | I10: Valor | J10: 6058286 | K10: Valor | L10: =6058286-95406 -> 5962880 | M10: Valor | N10: 5948135 | O10: Valor | P10: 2712598 | Q10: Valor | R10: 1989239 | S10: Valor | T10: 1953070 | U10: Valor | V10: 2350918 | W10: Valor | X10: 2663277 | Y10: Valor | Z10: 1775519 | AA10: Valor | AB10: 1808399 | AC10: Valor | AD10: 2737257 | AE10: Valor | AF10: 2007322 | AG10: Valor | AH10: 120560 | AI10: Valor | AJ10: =783640-12341 -> 771299 | AK10: Valor | AL10: 904199 | AM10: Valor | AN10: 669107 | AO10: Valor | AP10: 2441490 | AQ10: Valor | AR10: =1790426-28196 -> 1762230 | AS10: Valor | AT10: 241120 | AU10: Valor | AV10: 241120 | AW10: Valor | AX10: 1326158 | AY10: Valor | AZ10: 1808399 | BA10: Valor | BB10: 1302047 | BC10: Valor | BD10: 1491929 | BE10: Valor | BF10: 1464803 | BG10: Valor | BH10: 1657698 | BI10: Valor | BJ10: 2260498 | BK10: Valor | BL10: 1627559 | BM10: Valor | BN10: 2652318
C11: AMAZONAS | D11: 1 | E11: =G11+I11+K11+M11+O11+Q11+S11+U11+W11+Y11+AA11+AC11+AE11+AG11+AI11+AK11+AM11+AO11+AQ11+AS11+AU11+AW11+AY11+BA11+BC11+BE11+BG11+BI11+BK11+BM11 -> 11 | F11: =H11+J11+L11+N11+P11+R11+T11+V11+X11+Z11+AB11+AD11+AF11+AH11+AJ11+AL11+AN11+AP11+AR11+AT11+AV11+AX11+AZ11+BB11+BD11+BF11+BH11+BJ11+BL11+BN11 -> 56199449 | H11: =+G11*$H$10 -> 0 | J11: =+I11*$J$10 -> 0 | K11: =7+2 -> 9 | L11: =+K11*$L$10 -> 53665920 | N11: =+M11*$N$10 -> 0 | P11: =+O11*$P$10 -> 0 | R11: =+Q11*$R$10 -> 0 | T11: =+S11*$T$10 -> 0 | V11: =+U11*$V$10 -> 0 | X11: =+W11*$X$10 -> 0 | Z11: =+Y11*$Z$10 -> 0 | AB11: =+AA11*$AB$10 -> 0 | AD11: =+AC11*$AD$10 -> 0 | AF11: =+AE11*$AF$10 -> 0 | AH11: =+AG11*$AH$10 -> 0 | AI11: 1 | AJ11: =+AI11*$AJ$10 -> 771299 | AL11: =+AK11*$AL$10 -> 0 | AN11: =+AM11*$AN$10 -> 0 | AP11: =+AO11*$AP$10 -> 0 | AQ11: 1 | AR11: =+AQ11*$AR$10 -> 1762230 | AT11: =+AS11*$AT$10 -> 0 | AV11: =+AU11*$AV$10 -> 0 | AX11: =+AW11*$AX$10 -> 0 | AZ11: 0 | BB11: =+BA11*$BD$10 -> 0 | BD11: =+BC11*$BD$10 -> 0 | BF11: 0 | BH11: =+BG11*$BH$10 -> 0 | BJ11: =+BI11*$BJ$10 -> 0 | BL11: =+BK11*$BL$10 -> 0 | BN11: =+BM11*$BN$10 -> 0
C12: ANTIOQUIA | D12: 3 | E12: =G12+I12+K12+M12+O12+Q12+S12+U12+W12+Y12+AA12+AC12+AE12+AG12+AI12+AK12+AM12+AO12+AQ12+AS12+AU12+AW12+AY12+BA12+BC12+BE12+BG12+BI12+BK12+BM12 -> 25 | F12: =H12+J12+L12+N12+P12+R12+T12+V12+X12+Z12+AB12+AD12+AF12+AH12+AJ12+AL12+AN12+AP12+AR12+AT12+AV12+AX12+AZ12+BB12+BD12+BF12+BH12+BJ12+BL12+BN12 -> 131508113 | G12: 1 | H12: =+G12*$H$10 -> 6058286 | I12: 18 | J12: =+I12*$J$10 -> 109049148 | L12: =+K12*$L$10 -> 0 | M12: 1 | N12: =+M12*$N$10 -> 5948135 | P12: =+O12*$P$10 -> 0 | Q12: 1 | R12: =+Q12*$R$10 -> 1989239 | S12: 1 | T12: =+S12*$T$10 -> 1953070 | U12: 2 | V12: =+U12*$V$10 -> 4701836 | X12: =+W12*$X$10 -> 0 | Z12: =+Y12*$Z$10 -> 0 | AA12: 1 | AB12: =+AA12*$AB$10 -> 1808399 | AD12: =+AC12*$AD$10 -> 0 | AF12: =+AE12*$AD$10 -> 0 | AH12: =+AG12*$AH$10 -> 0 | AJ12: =+AI12*$AJ$10 -> 0 | AL12: =+AK12*$AL$10 -> 0 | AN12: =+AM12*$AN$10 -> 0 | AP12: =+AO12*$AP$10 -> 0 | AR12: =+AQ12*$AR$10 -> 0 | AT12: =+AS12*$AT$10 -> 0 | AV12: =+AU12*$AV$10 -> 0 | AX12: =+AW12*$AX$10 -> 0 | AZ12: =+AY12*$AZ$10 -> 0 | BB12: =+BA12*$BD$10 -> 0 | BD12: =+BC12*$BD$10 -> 0 | BF12: =+BE12*$BF$10 -> 0 | BH12: =+BG12*$BH$10 -> 0 | BJ12: =+BI12*$BJ$10 -> 0 | BL12: =+BK12*$BL$10 -> 0 | BN12: =+BM12*$BN$10 -> 0
C13: ARAUCA | D13: 5 | E13: =G13+I13+K13+M13+O13+Q13+S13+U13+W13+Y13+AA13+AC13+AE13+AG13+AI13+AK13+AM13+AO13+AQ13+AS13+AU13+AW13+AY13+BA13+BC13+BE13+BG13+BI13+BK13+BM13 -> 4 | F13: =H13+J13+L13+N13+P13+R13+T13+V13+X13+Z13+AB13+AD13+AF13+AH13+AJ13+AL13+AN13+AP13+AR13+AT13+AV13+AX13+AZ13+BB13+BD13+BF13+BH13+BJ13+BL13+BN13 -> 20164097 | H13: =+G13*$H$10 -> 0 | I13: 3 | J13: =+I13*$J$10 -> 18174858 | L13: =+K13*$L$10 -> 0 | N13: =+M13*$N$10 -> 0 | P13: =+O13*$P$10 -> 0 | Q13: 1 | R13: =+Q13*$R$10 -> 1989239 | T13: =+S13*$T$10 -> 0 | V13: =+U13*$V$10 -> 0 | X13: =+W13*$X$10 -> 0 | Z13: =+Y13*$Z$10 -> 0 | AB13: =+AA13*$AB$10 -> 0 | AD13: =+AC13*$AD$10 -> 0 | AF13: =+AE13*$AD$10 -> 0 | AH13: =+AG13*$AH$10 -> 0 | AJ13: =+AI13*$AJ$10 -> 0 | AL13: =+AK13*$AL$10 -> 0 | AN13: =+AM13*$AN$10 -> 0 | AP13: =+AO13*$AP$10 -> 0 | AR13: =+AQ13*$AR$10 -> 0 | AT13: =+AS13*$AT$10 -> 0 | AV13: =+AU13*$AV$10 -> 0 | AX13: =+AW13*$AX$10 -> 0 | AZ13: 0 | BB13: =+BA13*$BD$10 -> 0 | BD13: =+BC13*$BD$10 -> 0 | BF13: 0 | BH13: =+BG13*$BH$10 -> 0 | BJ13: =+BI13*$BJ$10 -> 0 | BL13: =+BK13*$BL$10 -> 0 | BN13: =+BM13*$BN$10 -> 0
C14: ATLANTICO | D14: 4 | E14: =G14+I14+K14+M14+O14+Q14+S14+U14+W14+Y14+AA14+AC14+AE14+AG14+AI14+AK14+AM14+AO14+AQ14+AS14+AU14+AW14+AY14+BA14+BC14+BE14+BG14+BI14+BK14+BM14 -> 17 | F14: =H14+J14+L14+N14+P14+R14+T14+V14+X14+Z14+AB14+AD14+AF14+AH14+AJ14+AL14+AN14+AP14+AR14+AT14+AV14+AX14+AZ14+BB14+BD14+BF14+BH14+BJ14+BL14+BN14 -> 94852768 | G14: 1 | H14: =+G14*$H$10 -> 6058286 | I14: 14 | J14: =+I14*$J$10 -> 84816004 | L14: =+K14*$L$10 -> 0 | N14: =+M14*$N$10 -> 0 | P14: =+O14*$P$10 -> 0 | Q14: 2 | R14: =+Q14*$R$10 -> 3978478 | T14: =+S14*$T$10 -> 0 | V14: =+U14*$V$10 -> 0 | X14: =+W14*$X$10 -> 0 | Z14: =+Y14*$Z$10 -> 0 | AB14: =+AA14*$AB$10 -> 0 | AD14: =+AC14*$AD$10 -> 0 | AF14: =+AE14*$AD$10 -> 0 | AH14: =+AG14*$AH$10 -> 0 | AJ14: =+AI14*$AJ$10 -> 0 | AL14: =+AK14*$AL$10 -> 0 | AN14: =+AM14*$AN$10 -> 0 | AP14: =+AO14*$AP$10 -> 0 | AR14: =+AQ14*$AR$10 -> 0 | AT14: =+AS14*$AT$10 -> 0 | AV14: =+AU14*$AV$10 -> 0 | AX14: =+AW14*$AX$10 -> 0 | AZ14: 0 | BB14: =+BA14*$BD$10 -> 0 | BD14: =+BC14*$BD$10 -> 0 | BF14: 0 | BH14: =+BG14*$BH$10 -> 0 | BJ14: =+BI14*$BJ$10 -> 0 | BL14: =+BK14*$BL$10 -> 0 | BN14: =+BM14*$BN$10 -> 0
C15: BOLIVAR | D15: 4 | E15: =G15+I15+K15+M15+O15+Q15+S15+U15+W15+Y15+AA15+AC15+AE15+AG15+AI15+AK15+AM15+AO15+AQ15+AS15+AU15+AW15+AY15+BA15+BC15+BE15+BG15+BI15+BK15+BM15 -> 15 | F15: =H15+J15+L15+N15+P15+R15+T15+V15+X15+Z15+AB15+AD15+AF15+AH15+AJ15+AL15+AN15+AP15+AR15+AT15+AV15+AX15+AZ15+BB15+BD15+BF15+BH15+BJ15+BL15+BN15 -> 82374516 | H15: =+G15*$H$10 -> 0 | I15: =11+2 -> 13 | J15: =+I15*$J$10 -> 78757718 | L15: =+K15*$L$10 -> 0 | N15: =+M15*$N$10 -> 0 | P15: =+O15*$P$10 -> 0 | R15: =+Q15*$R$10 -> 0 | T15: =+S15*$T$10 -> 0 | V15: =+U15*$V$10 -> 0 | X15: =+W15*$X$10 -> 0 | Z15: =+Y15*$Z$10 -> 0 | AA15: 2 | AB15: =+AA15*$AB$10 -> 3616798 | AD15: =+AC15*$AD$10 -> 0 | AF15: =+AE15*$AD$10 -> 0 | AH15: =+AG15*$AH$10 -> 0 | AJ15: =+AI15*$AJ$10 -> 0 | AL15: =+AK15*$AL$10 -> 0 | AN15: =+AM15*$AN$10 -> 0 | AP15: =+AO15*$AP$10 -> 0 | AR15: =+AQ15*$AR$10 -> 0 | AT15: =+AS15*$AT$10 -> 0 | AV15: =+AU15*$AV$10 -> 0 | AX15: =+AW15*$AX$10 -> 0 | AZ15: 0 | BB15: =+BA15*$BD$10 -> 0 | BD15: =+BC15*$BD$10 -> 0 | BF15: 0 | BH15: =+BG15*$BH$10 -> 0 | BJ15: =+BI15*$BJ$10 -> 0 | BL15: =+BK15*$BL$10 -> 0 | BN15: =+BM15*$BN$10 -> 0
C16: BOYACA | D16: 5 | E16: =G16+I16+K16+M16+O16+Q16+S16+U16+W16+Y16+AA16+AC16+AE16+AG16+AI16+AK16+AM16+AO16+AQ16+AS16+AU16+AW16+AY16+BA16+BC16+BE16+BG16+BI16+BK16+BM16 -> 18 | F16: =H16+J16+L16+N16+P16+R16+T16+V16+X16+Z16+AB16+AD16+AF16+AH16+AJ16+AL16+AN16+AP16+AR16+AT16+AV16+AX16+AZ16+BB16+BD16+BF16+BH16+BJ16+BL16+BN16 -> 96540606 | G16: 1 | H16: =+G16*$H$10 -> 6058286 | I16: 14 | J16: =+I16*$J$10 -> 84816004 | L16: =+K16*$L$10 -> 0 | N16: =+M16*$N$10 -> 0 | O16: 2 | P16: =+O16*$P$10 -> 5425196 | R16: =+Q16*$R$10 -> 0 | T16: =+S16*$T$10 -> 0 | V16: =+U16*$V$10 -> 0 | X16: =+W16*$X$10 -> 0 | Z16: =+Y16*$Z$10 -> 0 | AB16: =+AA16*$AB$10 -> 0 | AD16: =+AC16*$AD$10 -> 0 | AF16: =+AE16*$AD$10 -> 0 | AH16: =+AG16*$AH$10 -> 0 | AJ16: =+AI16*$AJ$10 -> 0 | AL16: =+AK16*$AL$10 -> 0 | AN16: =+AM16*$AN$10 -> 0 | AP16: =+AO16*$AP$10 -> 0 | AR16: =+AQ16*$AR$10 -> 0 | AS16: 1 | AT16: =+AS16*$AT$10 -> 241120 | AV16: =+AU16*$AV$10 -> 0 | AX16: =+AW16*$AX$10 -> 0 | AZ16: 0 | BB16: =+BA16*$BD$10 -> 0 | BD16: =+BC16*$BD$10 -> 0 | BF16: 0 | BH16: =+BG16*$BH$10 -> 0 | BJ16: =+BI16*$BJ$10 -> 0 | BL16: =+BK16*$BL$10 -> 0 | BN16: =+BM16*$BN$10 -> 0
C17: CALDAS | D17: 3 | E17: =G17+I17+K17+M17+O17+Q17+S17+U17+W17+Y17+AA17+AC17+AE17+AG17+AI17+AK17+AM17+AO17+AQ17+AS17+AU17+AW17+AY17+BA17+BC17+BE17+BG17+BI17+BK17+BM17 -> 11 | F17: =H17+J17+L17+N17+P17+R17+T17+V17+X17+Z17+AB17+AD17+AF17+AH17+AJ17+AL17+AN17+AP17+AR17+AT17+AV17+AX17+AZ17+BB17+BD17+BF17+BH17+BJ17+BL17+BN17 -> 41895323 | G17: 1 | H17: =+G17*$H$10 -> 6058286 | I17: 4 | J17: =+I17*$J$10 -> 24233144 | L17: =+K17*$L$10 -> 0 | N17: =+M17*$N$10 -> 0 | P17: =+O17*$P$10 -> 0 | Q17: 5 | R17: =+Q17*$R$10 -> 9946195 | T17: =+S17*$T$10 -> 0 | V17: =+U17*$V$10 -> 0 | X17: =+W17*$X$10 -> 0 | Z17: =+Y17*$Z$10 -> 0 | AB17: =+AA17*$AB$10 -> 0 | AD17: =+AC17*$AD$10 -> 0 | AF17: =+AE17*$AD$10 -> 0 | AH17: =+AG17*$AH$10 -> 0 | AJ17: =+AI17*$AJ$10 -> 0 | AL17: =+AK17*$AL$10 -> 0 | AN17: =+AM17*$AN$10 -> 0 | AP17: =+AO17*$AP$10 -> 0 | AR17: =+AQ17*$AR$10 -> 0 | AT17: =+AS17*$AT$10 -> 0 | AV17: =+AU17*$AV$10 -> 0 | AX17: =+AW17*$AX$10 -> 0 | AZ17: 0 | BB17: =+BA17*$BD$10 -> 0 | BD17: =+BC17*$BD$10 -> 0 | BF17: 0 | BG17: 1 | BH17: =+BG17*$BH$10 -> 1657698 | BJ17: =+BI17*$BJ$10 -> 0 | BL17: =+BK17*$BL$10 -> 0 | BN17: =+BM17*$BN$10 -> 0
C18: CAQUETA | D18: 2 | E18: =G18+I18+K18+M18+O18+Q18+S18+U18+W18+Y18+AA18+AC18+AE18+AG18+AI18+AK18+AM18+AO18+AQ18+AS18+AU18+AW18+AY18+BA18+BC18+BE18+BG18+BI18+BK18+BM18 -> 11 | F18: =H18+J18+L18+N18+P18+R18+T18+V18+X18+Z18+AB18+AD18+AF18+AH18+AJ18+AL18+AN18+AP18+AR18+AT18+AV18+AX18+AZ18+BB18+BD18+BF18+BH18+BJ18+BL18+BN18 -> 43613603 | G18: 1 | H18: =+G18*$H$10 -> 6058286 | I18: 5 | J18: =+I18*$J$10 -> 30291430 | L18: =+K18*$L$10 -> 0 | N18: =+M18*$N$10 -> 0 | P18: =+O18*$P$10 -> 0 | R18: =+Q18*$R$10 -> 0 | T18: =+S18*$T$10 -> 0 | V18: =+U18*$V$10 -> 0 | X18: =+W18*$X$10 -> 0 | Z18: =+Y18*$Z$10 -> 0 | AB18: =+AA18*$AB$10 -> 0 | AD18: =+AC18*$AD$10 -> 0 | AF18: =+AE18*$AD$10 -> 0 | AG18: 1 | AH18: =+AG18*$AH$10 -> 120560 | AJ18: =+AI18*$AJ$10 -> 0 | AL18: =+AK18*$AL$10 -> 0 | AN18: =+AM18*$AN$10 -> 0 | AO18: 1 | AP18: =+AO18*$AP$10 -> 2441490 | AR18: =+AQ18*$AR$10 -> 0 | AT18: =+AS18*$AT$10 -> 0 | AU18: 1 | AV18: =+AU18*$AV$10 -> 241120 | AX18: =+AW18*$AX$10 -> 0 | AY18: 1 | AZ18: =+AY18*AZ10 -> 1808399 | BB18: =+BA18*$BD$10 -> 0 | BD18: =+BC18*$BD$10 -> 0 | BF18: 0 | BH18: =+BG18*$BH$10 -> 0 | BJ18: =+BI18*$BJ$10 -> 0 | BL18: =+BK18*$BL$10 -> 0 | BM18: 1 | BN18: =+BM18*$BN$10 -> 2652318
C19: CASANARE | D19: 5 | E19: =G19+I19+K19+M19+O19+Q19+S19+U19+W19+Y19+AA19+AC19+AE19+AG19+AI19+AK19+AM19+AO19+AQ19+AS19+AU19+AW19+AY19+BA19+BC19+BE19+BG19+BI19+BK19+BM19 -> 7 | F19: =H19+J19+L19+N19+P19+R19+T19+V19+X19+Z19+AB19+AD19+AF19+AH19+AJ19+AL19+AN19+AP19+AR19+AT19+AV19+AX19+AZ19+BB19+BD19+BF19+BH19+BJ19+BL19+BN19 -> 38125235 | G19: 1 | H19: =+G19*$H$10 -> 6058286 | I19: =4+1 -> 5 | J19: =+I19*$J$10 -> 30291430 | L19: =+K19*$L$10 -> 0 | N19: =+M19*$N$10 -> 0 | P19: =+O19*$P$10 -> 0 | R19: =+Q19*$R$10 -> 0 | T19: =+S19*$T$10 -> 0 | V19: =+U19*$V$10 -> 0 | X19: =+W19*$X$10 -> 0 | Y19: 1 | Z19: =+Y19*$Z$10 -> 1775519 | AB19: =+AA19*$AB$10 -> 0 | AD19: =+AC19*$AD$10 -> 0 | AF19: =+AE19*$AD$10 -> 0 | AH19: =+AG19*$AH$10 -> 0 | AJ19: =+AI19*$AJ$10 -> 0 | AL19: =+AK19*$AL$10 -> 0 | AN19: =+AM19*$AN$10 -> 0 | AP19: =+AO19*$AP$10 -> 0 | AR19: =+AQ19*$AR$10 -> 0 | AT19: =+AS19*$AT$10 -> 0 | AV19: =+AU19*$AV$10 -> 0 | AX19: =+AW19*$AX$10 -> 0 | AZ19: 0 | BB19: =+BA19*$BD$10 -> 0 | BD19: =+BC19*$BD$10 -> 0 | BF19: 0 | BH19: =+BG19*$BH$10 -> 0 | BJ19: =+BI19*$BJ$10 -> 0 | BL19: =+BK19*$BL$10 -> 0 | BN19: =+BM19*$BN$10 -> 0
C20: CAUCA | D20: 2 | E20: =G20+I20+K20+M20+O20+Q20+S20+U20+W20+Y20+AA20+AC20+AE20+AG20+AI20+AK20+AM20+AO20+AQ20+AS20+AU20+AW20+AY20+BA20+BC20+BE20+BG20+BI20+BK20+BM20 -> 10 | F20: =H20+J20+L20+N20+P20+R20+T20+V20+X20+Z20+AB20+AD20+AF20+AH20+AJ20+AL20+AN20+AP20+AR20+AT20+AV20+AX20+AZ20+BB20+BD20+BF20+BH20+BJ20+BL20+BN20 -> 60582860 | G20: 1 | H20: =+G20*$H$10 -> 6058286 | I20: =7+2 -> 9 | J20: =+I20*$J$10 -> 54524574 | L20: =+K20*$L$10 -> 0 | N20: =+M20*$N$10 -> 0 | P20: =+O20*$P$10 -> 0 | R20: =+Q20*$R$10 -> 0 | T20: =+S20*$T$10 -> 0 | V20: =+U20*$V$10 -> 0 | X20: =+W20*$X$10 -> 0 | Z20: =+Y20*$Z$10 -> 0 | AB20: =+AA20*$AB$10 -> 0 | AD20: =+AC20*$AD$10 -> 0 | AF20: =+AE20*$AD$10 -> 0 | AH20: =+AG20*$AH$10 -> 0 | AJ20: =+AI20*$AJ$10 -> 0 | AL20: =+AK20*$AL$10 -> 0 | AN20: =+AM20*$AN$10 -> 0 | AP20: =+AO20*$AP$10 -> 0 | AR20: =+AQ20*$AR$10 -> 0 | AT20: =+AS20*$AT$10 -> 0 | AV20: =+AU20*$AV$10 -> 0 | AX20: =+AW20*$AX$10 -> 0 | AZ20: 0 | BB20: =+BA20*$BD$10 -> 0 | BD20: =+BC20*$BD$10 -> 0 | BF20: 0 | BH20: =+BG20*$BH$10 -> 0 | BJ20: =+BI20*$BJ$10 -> 0 | BL20: =+BK20*$BL$10 -> 0 | BN20: =+BM20*$BN$10 -> 0
C21: CESAR | D21: 5 | E21: =G21+I21+K21+M21+O21+Q21+S21+U21+W21+Y21+AA21+AC21+AE21+AG21+AI21+AK21+AM21+AO21+AQ21+AS21+AU21+AW21+AY21+BA21+BC21+BE21+BG21+BI21+BK21+BM21 -> 9 | F21: =H21+J21+L21+N21+P21+R21+T21+V21+X21+Z21+AB21+AD21+AF21+AH21+AJ21+AL21+AN21+AP21+AR21+AT21+AV21+AX21+AZ21+BB21+BD21+BF21+BH21+BJ21+BL21+BN21 -> 54524574 | H21: =+G21*$H$10 -> 0 | I21: 9 | J21: =+I21*$J$10 -> 54524574 | L21: =+K21*$L$10 -> 0 | N21: =+M21*$N$10 -> 0 | P21: =+O21*$P$10 -> 0 | R21: =+Q21*$R$10 -> 0 | T21: =+S21*$T$10 -> 0 | V21: =+U21*$V$10 -> 0 | X21: =+W21*$X$10 -> 0 | Z21: =+Y21*$Z$10 -> 0 | AB21: =+AA21*$AB$10 -> 0 | AD21: =+AC21*$AD$10 -> 0 | AF21: =+AE21*$AD$10 -> 0 | AH21: =+AG21*$AH$10 -> 0 | AJ21: =+AI21*$AJ$10 -> 0 | AL21: =+AK21*$AL$10 -> 0 | AN21: =+AM21*$AN$10 -> 0 | AP21: =+AO21*$AP$10 -> 0 | AR21: =+AQ21*$AR$10 -> 0 | AT21: =+AS21*$AT$10 -> 0 | AV21: =+AU21*$AV$10 -> 0 | AX21: =+AW21*$AX$10 -> 0 | AZ21: 0 | BB21: =+BA21*$BD$10 -> 0 | BD21: =+BC21*$BD$10 -> 0 | BF21: 0 | BH21: =+BG21*$BH$10 -> 0 | BJ21: =+BI21*$BJ$10 -> 0 | BL21: =+BK21*$BL$10 -> 0 | BN21: =+BM21*$BN$10 -> 0
C22: CHOCO | D22: 3 | E22: =G22+I22+K22+M22+O22+Q22+S22+U22+W22+Y22+AA22+AC22+AE22+AG22+AI22+AK22+AM22+AO22+AQ22+AS22+AU22+AW22+AY22+BA22+BC22+BE22+BG22+BI22+BK22+BM22 -> 10 | F22: =H22+J22+L22+N22+P22+R22+T22+V22+X22+Z22+AB22+AD22+AF22+AH22+AJ22+AL22+AN22+AP22+AR22+AT22+AV22+AX22+AZ22+BB22+BD22+BF22+BH22+BJ22+BL22+BN22 -> 57237172 | G22: 1 | H22: =+G22*$H$10 -> 6058286 | I22: 8 | J22: =+I22*$J$10 -> 48466288 | L22: =+K22*$L$10 -> 0 | N22: =+M22*$N$10 -> 0 | O22: 1 | P22: =+O22*$P$10 -> 2712598 | R22: =+Q22*$R$10 -> 0 | T22: =+S22*$T$10 -> 0 | V22: =+U22*$V$10 -> 0 | X22: =+W22*$X$10 -> 0 | Z22: =+Y22*$Z$10 -> 0 | AB22: =+AA22*$AB$10 -> 0 | AD22: =+AC22*$AD$10 -> 0 | AF22: =+AE22*$AD$10 -> 0 | AH22: =+AG22*$AH$10 -> 0 | AJ22: =+AI22*$AJ$10 -> 0 | AL22: =+AK22*$AL$10 -> 0 | AN22: =+AM22*$AN$10 -> 0 | AP22: =+AO22*$AP$10 -> 0 | AR22: =+AQ22*$AR$10 -> 0 | AT22: =+AS22*$AT$10 -> 0 | AV22: =+AU22*$AV$10 -> 0 | AX22: =+AW22*$AX$10 -> 0 | AZ22: 0 | BB22: =+BA22*$BD$10 -> 0 | BD22: =+BC22*$BD$10 -> 0 | BF22: 0 | BH22: =+BG22*$BH$10 -> 0 | BJ22: =+BI22*$BJ$10 -> 0 | BL22: =+BK22*$BL$10 -> 0 | BN22: =+BM22*$BN$10 -> 0
C23: CORDOBA | D23: 3 | E23: =G23+I23+K23+M23+O23+Q23+S23+U23+W23+Y23+AA23+AC23+AE23+AG23+AI23+AK23+AM23+AO23+AQ23+AS23+AU23+AW23+AY23+BA23+BC23+BE23+BG23+BI23+BK23+BM23 -> 11 | F23: =H23+J23+L23+N23+P23+R23+T23+V23+X23+Z23+AB23+AD23+AF23+AH23+AJ23+AL23+AN23+AP23+AR23+AT23+AV23+AX23+AZ23+BB23+BD23+BF23+BH23+BJ23+BL23+BN23 -> 62358379 | G23: 1 | H23: =+G23*$H$10 -> 6058286 | I23: 9 | J23: =+I23*$J$10 -> 54524574 | L23: =+K23*$L$10 -> 0 | N23: =+M23*$N$10 -> 0 | P23: =+O23*$P$10 -> 0 | R23: =+Q23*$R$10 -> 0 | T23: =+S23*$T$10 -> 0 | V23: =+U23*$V$10 -> 0 | X23: =+W23*$X$10 -> 0 | Y23: 1 | Z23: =+Y23*$Z$10 -> 1775519 | AB23: =+AA23*$AB$10 -> 0 | AD23: =+AC23*$AD$10 -> 0 | AF23: =+AE23*$AD$10 -> 0 | AH23: =+AG23*$AH$10 -> 0 | AJ23: =+AI23*$AJ$10 -> 0 | AL23: =+AK23*$AL$10 -> 0 | AN23: =+AM23*$AN$10 -> 0 | AP23: =+AO23*$AP$10 -> 0 | AR23: =+AQ23*$AR$10 -> 0 | AT23: =+AS23*$AT$10 -> 0 | AV23: =+AU23*$AV$10 -> 0 | AX23: =+AW23*$AX$10 -> 0 | AZ23: 0 | BB23: =+BA23*$BD$10 -> 0 | BD23: =+BC23*$BD$10 -> 0 | BF23: 0 | BH23: =+BG23*$BH$10 -> 0 | BJ23: =+BI23*$BJ$10 -> 0 | BL23: =+BK23*$BL$10 -> 0 | BN23: =+BM23*$BN$10 -> 0
C24: GUAINIA | D24: 1 | E24: =G24+I24+K24+M24+O24+Q24+S24+U24+W24+Y24+AA24+AC24+AE24+AG24+AI24+AK24+AM24+AO24+AQ24+AS24+AU24+AW24+AY24+BA24+BC24+BE24+BG24+BI24+BK24+BM24 -> 2 | F24: =H24+J24+L24+N24+P24+R24+T24+V24+X24+Z24+AB24+AD24+AF24+AH24+AJ24+AL24+AN24+AP24+AR24+AT24+AV24+AX24+AZ24+BB24+BD24+BF24+BH24+BJ24+BL24+BN24 -> 12006421 | H24: =+G24*$H$10 -> 0 | I24: 1 | J24: =+I24*$J$10 -> 6058286 | L24: =+K24*$L$10 -> 0 | M24: 1 | N24: =+M24*$N$10 -> 5948135 | P24: =+O24*$P$10 -> 0 | R24: =+Q24*$R$10 -> 0 | T24: =+S24*$T$10 -> 0 | V24: =+U24*$V$10 -> 0 | X24: =+W24*$X$10 -> 0 | Z24: =+Y24*$Z$10 -> 0 | AB24: =+AA24*$AB$10 -> 0 | AD24: =+AC24*$AD$10 -> 0 | AF24: =+AE24*$AD$10 -> 0 | AH24: =+AG24*$AH$10 -> 0 | AJ24: =+AI24*$AJ$10 -> 0 | AL24: =+AK24*$AL$10 -> 0 | AN24: =+AM24*$AN$10 -> 0 | AP24: =+AO24*$AP$10 -> 0 | AR24: =+AQ24*$AR$10 -> 0 | AT24: =+AS24*$AT$10 -> 0 | AV24: =+AU24*$AV$10 -> 0 | AX24: =+AW24*$AX$10 -> 0 | AZ24: 0 | BB24: =+BA24*$BD$10 -> 0 | BD24: =+BC24*$BD$10 -> 0 | BF24: 0 | BH24: =+BG24*$BH$10 -> 0 | BJ24: =+BI24*$BJ$10 -> 0 | BL24: =+BK24*$BL$10 -> 0 | BN24: =+BM24*$BN$10 -> 0
C25: GUAJIRA | D25: 4 | E25: =G25+I25+K25+M25+O25+Q25+S25+U25+W25+Y25+AA25+AC25+AE25+AG25+AI25+AK25+AM25+AO25+AQ25+AS25+AU25+AW25+AY25+BA25+BC25+BE25+BG25+BI25+BK25+BM25 -> 8 | F25: =H25+J25+L25+N25+P25+R25+T25+V25+X25+Z25+AB25+AD25+AF25+AH25+AJ25+AL25+AN25+AP25+AR25+AT25+AV25+AX25+AZ25+BB25+BD25+BF25+BH25+BJ25+BL25+BN25 -> 40328194 | G25: 1 | H25: =+G25*$H$10 -> 6058286 | I25: 5 | J25: =+I25*$J$10 -> 30291430 | L25: =+K25*$L$10 -> 0 | N25: =+M25*$N$10 -> 0 | P25: =+O25*$P$10 -> 0 | Q25: 2 | R25: =+Q25*$R$10 -> 3978478 | T25: =+S25*$T$10 -> 0 | V25: =+U25*$V$10 -> 0 | X25: =+W25*$X$10 -> 0 | Z25: =+Y25*$Z$10 -> 0 | AB25: =+AA25*$AB$10 -> 0 | AD25: =+AC25*$AD$10 -> 0 | AF25: =+AE25*$AD$10 -> 0 | AH25: =+AG25*$AH$10 -> 0 | AJ25: =+AI25*$AJ$10 -> 0 | AL25: =+AK25*$AL$10 -> 0 | AN25: =+AM25*$AN$10 -> 0 | AP25: =+AO25*$AP$10 -> 0 | AR25: =+AQ25*$AR$10 -> 0 | AT25: =+AS25*$AT$10 -> 0 | AV25: =+AU25*$AV$10 -> 0 | AX25: =+AW25*$AX$10 -> 0 | AZ25: 0 | BB25: =+BA25*$BD$10 -> 0 | BD25: =+BC25*$BD$10 -> 0 | BF25: 0 | BH25: =+BG25*$BH$10 -> 0 | BJ25: =+BI25*$BJ$10 -> 0 | BL25: =+BK25*$BL$10 -> 0 | BN25: =+BM25*$BN$10 -> 0
C26: GUAVIARE | D26: 1 | E26: =G26+I26+K26+M26+O26+Q26+S26+U26+W26+Y26+AA26+AC26+AE26+AG26+AI26+AK26+AM26+AO26+AQ26+AS26+AU26+AW26+AY26+BA26+BC26+BE26+BG26+BI26+BK26+BM26 -> 2 | F26: =H26+J26+L26+N26+P26+R26+T26+V26+X26+Z26+AB26+AD26+AF26+AH26+AJ26+AL26+AN26+AP26+AR26+AT26+AV26+AX26+AZ26+BB26+BD26+BF26+BH26+BJ26+BL26+BN26 -> 12116572 | G26: 1 | H26: =+G26*$H$10 -> 6058286 | I26: 1 | J26: =+I26*$J$10 -> 6058286 | L26: =+K26*$L$10 -> 0 | N26: =+M26*$N$10 -> 0 | P26: =+O26*$P$10 -> 0 | R26: =+Q26*$R$10 -> 0 | T26: =+S26*$T$10 -> 0 | V26: =+U26*$V$10 -> 0 | X26: =+W26*$X$10 -> 0 | Z26: =+Y26*$Z$10 -> 0 | AB26: =+AA26*$AB$10 -> 0 | AD26: =+AC26*$AD$10 -> 0 | AF26: =+AE26*$AD$10 -> 0 | AH26: =+AG26*$AH$10 -> 0 | AJ26: =+AI26*$AJ$10 -> 0 | AL26: =+AK26*$AL$10 -> 0 | AN26: =+AM26*$AN$10 -> 0 | AP26: =+AO26*$AP$10 -> 0 | AR26: =+AQ26*$AR$10 -> 0 | AT26: =+AS26*$AT$10 -> 0 | AV26: =+AU26*$AV$10 -> 0 | AX26: =+AW26*$AX$10 -> 0 | AZ26: 0 | BB26: =+BA26*$BD$10 -> 0 | BD26: =+BC26*$BD$10 -> 0 | BF26: 0 | BH26: =+BG26*$BH$10 -> 0 | BJ26: =+BI26*$BJ$10 -> 0 | BL26: =+BK26*$BL$10 -> 0 | BN26: =+BM26*$BN$10 -> 0
C27: HUILA | D27: 2 | E27: =G27+I27+K27+M27+O27+Q27+S27+U27+W27+Y27+AA27+AC27+AE27+AG27+AI27+AK27+AM27+AO27+AQ27+AS27+AU27+AW27+AY27+BA27+BC27+BE27+BG27+BI27+BK27+BM27 -> 10 | F27: =H27+J27+L27+N27+P27+R27+T27+V27+X27+Z27+AB27+AD27+AF27+AH27+AJ27+AL27+AN27+AP27+AR27+AT27+AV27+AX27+AZ27+BB27+BD27+BF27+BH27+BJ27+BL27+BN27 -> 52987284 | G27: 1 | H27: =+G27*$H$10 -> 6058286 | I27: 7 | J27: =+I27*$J$10 -> 42408002 | L27: =+K27*$L$10 -> 0 | N27: =+M27*$N$10 -> 0 | P27: =+O27*$P$10 -> 0 | R27: =+Q27*$R$10 -> 0 | T27: =+S27*$T$10 -> 0 | V27: =+U27*$V$10 -> 0 | X27: =+W27*$X$10 -> 0 | Z27: =+Y27*$Z$10 -> 0 | AB27: =+AA27*$AB$10 -> 0 | AD27: =+AC27*$AD$10 -> 0 | AF27: =+AE27*$AD$10 -> 0 | AH27: =+AG27*$AH$10 -> 0 | AJ27: =+AI27*$AJ$10 -> 0 | AL27: =+AK27*$AL$10 -> 0 | AN27: =+AM27*$AN$10 -> 0 | AP27: =+AO27*$AP$10 -> 0 | AR27: =+AQ27*$AR$10 -> 0 | AT27: =+AS27*$AT$10 -> 0 | AV27: =+AU27*$AV$10 -> 0 | AX27: =+AW27*$AX$10 -> 0 | AZ27: 0 | BB27: =+BA27*$BB$10 -> 0 | BD27: =+BC27*$BD$10 -> 0 | BF27: 0 | BH27: =+BG27*$BH$10 -> 0 | BI27: 2 | BJ27: =+BI27*$BJ$10 -> 4520996 | BL27: =+BK27*$BL$10 -> 0 | BN27: =+BM27*$BN$10 -> 0
C28: MAGDALENA | D28: 4 | E28: =G28+I28+K28+M28+O28+Q28+S28+U28+W28+Y28+AA28+AC28+AE28+AG28+AI28+AK28+AM28+AO28+AQ28+AS28+AU28+AW28+AY28+BA28+BC28+BE28+BG28+BI28+BK28+BM28 -> 9 | F28: =H28+J28+L28+N28+P28+R28+T28+V28+X28+Z28+AB28+AD28+AF28+AH28+AJ28+AL28+AN28+AP28+AR28+AT28+AV28+AX28+AZ28+BB28+BD28+BF28+BH28+BJ28+BL28+BN28 -> 54524574 | G28: 1 | H28: =+G28*$H$10 -> 6058286 | I28: 8 | J28: =+I28*$J$10 -> 48466288 | L28: =+K28*$L$10 -> 0 | N28: =+M28*$N$10 -> 0 | P28: =+O28*$P$10 -> 0 | R28: =+Q28*$R$10 -> 0 | T28: =+S28*$T$10 -> 0 | V28: =+U28*$V$10 -> 0 | X28: =+W28*$X$10 -> 0 | Z28: =+Y28*$Z$10 -> 0 | AB28: =+AA28*$AB$10 -> 0 | AD28: =+AC28*$AD$10 -> 0 | AF28: =+AE28*$AD$10 -> 0 | AH28: =+AG28*$AH$10 -> 0 | AJ28: =+AI28*$AJ$10 -> 0 | AL28: =+AK28*$AL$10 -> 0 | AN28: =+AM28*$AN$10 -> 0 | AP28: =+AO28*$AP$10 -> 0 | AR28: =+AQ28*$AR$10 -> 0 | AT28: =+AS28*$AT$10 -> 0 | AV28: =+AU28*$AV$10 -> 0 | AX28: =+AW28*$AX$10 -> 0 | AZ28: 0 | BB28: =+BA28*$BB$10 -> 0 | BD28: =+BC28*$BD$10 -> 0 | BF28: 0 | BH28: =+BG28*$BH$10 -> 0 | BJ28: =+BI28*$BJ$10 -> 0 | BL28: =+BK28*$BL$10 -> 0 | BN28: =+BM28*$BN$10 -> 0
C29: META | D29: 1 | E29: =G29+I29+K29+M29+O29+Q29+S29+U29+W29+Y29+AA29+AC29+AE29+AG29+AI29+AK29+AM29+AO29+AQ29+AS29+AU29+AW29+AY29+BA29+BC29+BE29+BG29+BI29+BK29+BM29 -> 12 | F29: =H29+J29+L29+N29+P29+R29+T29+V29+X29+Z29+AB29+AD29+AF29+AH29+AJ29+AL29+AN29+AP29+AR29+AT29+AV29+AX29+AZ29+BB29+BD29+BF29+BH29+BJ29+BL29+BN29 -> 64561338 | G29: 1 | H29: =+G29*$H$10 -> 6058286 | I29: =8+1 -> 9 | J29: =+I29*$J$10 -> 54524574 | L29: =+K29*$L$10 -> 0 | N29: =+M29*$N$10 -> 0 | P29: =+O29*$P$10 -> 0 | Q29: 2 | R29: =+Q29*$R$10 -> 3978478 | T29: =+S29*$T$10 -> 0 | V29: =+U29*$V$10 -> 0 | X29: =+W29*$X$10 -> 0 | Z29: =+Y29*$Z$10 -> 0 | AB29: =+AA29*$AB$10 -> 0 | AD29: =+AC29*$AD$10 -> 0 | AF29: =+AE29*$AD$10 -> 0 | AH29: =+AG29*$AH$10 -> 0 | AJ29: =+AI29*$AJ$10 -> 0 | AL29: =+AK29*$AL$10 -> 0 | AN29: =+AM29*$AN$10 -> 0 | AP29: =+AO29*$AP$10 -> 0 | AR29: =+AQ29*$AR$10 -> 0 | AT29: =+AS29*$AT$10 -> 0 | AV29: =+AU29*$AV$10 -> 0 | AX29: =+AW29*$AX$10 -> 0 | AZ29: 0 | BB29: =+BA29*$BB$10 -> 0 | BD29: =+BC29*$BD$10 -> 0 | BF29: 0 | BH29: =+BG29*$BH$10 -> 0 | BJ29: =+BI29*$BJ$10 -> 0 | BL29: =+BK29*$BL$10 -> 0 | BN29: =+BM29*$BN$10 -> 0
C30: NORTE DE SANTANDER | D30: 5 | E30: =G30+I30+K30+M30+O30+Q30+S30+U30+W30+Y30+AA30+AC30+AE30+AG30+AI30+AK30+AM30+AO30+AQ30+AS30+AU30+AW30+AY30+BA30+BC30+BE30+BG30+BI30+BK30+BM30 -> 17 | F30: =H30+J30+L30+N30+P30+R30+T30+V30+X30+Z30+AB30+AD30+AF30+AH30+AJ30+AL30+AN30+AP30+AR30+AT30+AV30+AX30+AZ30+BB30+BD30+BF30+BH30+BJ30+BL30+BN30 -> 74598094 | G30: 1 | H30: =+G30*$H$10 -> 6058286 | I30: 10 | J30: =+I30*$J$10 -> 60582860 | L30: =+K30*$L$10 -> 0 | N30: =+M30*$N$10 -> 0 | P30: =+O30*$P$10 -> 0 | R30: =+Q30*$R$10 -> 0 | T30: =+S30*$T$10 -> 0 | V30: =+U30*$V$10 -> 0 | X30: =+W30*$X$10 -> 0 | Z30: =+Y30*$Z$10 -> 0 | AB30: =+AA30*$AB$10 -> 0 | AD30: =+AC30*$AD$10 -> 0 | AF30: =+AE30*$AD$10 -> 0 | AH30: =+AG30*$AH$10 -> 0 | AJ30: =+AI30*$AJ$10 -> 0 | AL30: =+AK30*$AL$10 -> 0 | AN30: =+AM30*$AN$10 -> 0 | AP30: =+AO30*$AP$10 -> 0 | AR30: =+AQ30*$AR$10 -> 0 | AT30: =+AS30*$AT$10 -> 0 | AV30: =+AU30*$AV$10 -> 0 | AW30: 6 | AX30: =+AW30*$AX$10 -> 7956948 | AZ30: 0 | BB30: =+BA30*$BB$10 -> 0 | BD30: =+BC30*$BD$10 -> 0 | BF30: 0 | BH30: =+BG30*$BH$10 -> 0 | BJ30: =+BI30*$BJ$10 -> 0 | BL30: =+BK30*$BL$10 -> 0 | BN30: =+BM30*$BN$10 -> 0
C31: NARIÑO | D31: 2 | E31: =G31+I31+K31+M31+O31+Q31+S31+U31+W31+Y31+AA31+AC31+AE31+AG31+AI31+AK31+AM31+AO31+AQ31+AS31+AU31+AW31+AY31+BA31+BC31+BE31+BG31+BI31+BK31+BM31 -> 17 | F31: =H31+J31+L31+N31+P31+R31+T31+V31+X31+Z31+AB31+AD31+AF31+AH31+AJ31+AL31+AN31+AP31+AR31+AT31+AV31+AX31+AZ31+BB31+BD31+BF31+BH31+BJ31+BL31+BN31 -> 85991314 | G31: 1 | H31: =+G31*$H$10 -> 6058286 | I31: 12 | J31: =+I31*$J$10 -> 72699432 | L31: =+K31*$L$10 -> 0 | N31: =+M31*$N$10 -> 0 | P31: =+O31*$P$10 -> 0 | R31: =+Q31*$R$10 -> 0 | T31: =+S31*$T$10 -> 0 | V31: =+U31*$V$10 -> 0 | X31: =+W31*$X$10 -> 0 | Z31: =+Y31*$Z$10 -> 0 | AA31: 4 | AB31: =+AA31*$AB$10 -> 7233596 | AD31: =+AC31*$AD$10 -> 0 | AF31: =+AE31*$AD$10 -> 0 | AH31: =+AG31*$AH$10 -> 0 | AJ31: =+AI31*$AJ$10 -> 0 | AL31: =+AK31*$AL$10 -> 0 | AN31: =+AM31*$AN$10 -> 0 | AP31: =+AO31*$AP$10 -> 0 | AR31: =+AQ31*$AR$10 -> 0 | AT31: =+AS31*$AT$10 -> 0 | AV31: =+AU31*$AV$10 -> 0 | AX31: =+AW31*$AX$10 -> 0 | AZ31: 0 | BB31: =+BA31*$BB$10 -> 0 | BD31: =+BC31*$BD$10 -> 0 | BH31: =+BG31*$BH$10 -> 0 | BJ31: =+BI31*$BJ$10 -> 0 | BL31: =+BK31*$BL$10 -> 0 | BN31: =+BM31*$BN$10 -> 0
C32: PUTUMAYO | D32: 2 | E32: =G32+I32+K32+M32+O32+Q32+S32+U32+W32+Y32+AA32+AC32+AE32+AG32+AI32+AK32+AM32+AO32+AQ32+AS32+AU32+AW32+AY32+BA32+BC32+BE32+BG32+BI32+BK32+BM32 -> 9 | F32: =H32+J32+L32+N32+P32+R32+T32+V32+X32+Z32+AB32+AD32+AF32+AH32+AJ32+AL32+AN32+AP32+AR32+AT32+AV32+AX32+AZ32+BB32+BD32+BF32+BH32+BJ32+BL32+BN32 -> 53643366 | H32: =+G32*$H$10 -> 0 | I32: 1 | J32: =+I32*$J$10 -> 6058286 | L32: =+K32*$L$10 -> 0 | M32: 8 | N32: =+M32*$N$10 -> 47585080 | P32: =+O32*$P$10 -> 0 | R32: =+Q32*$R$10 -> 0 | T32: =+S32*$T$10 -> 0 | V32: =+U32*$V$10 -> 0 | X32: =+W32*$X$10 -> 0 | Z32: =+Y32*$Z$10 -> 0 | AB32: =+AA32*$AB$10 -> 0 | AD32: =+AC32*$AD$10 -> 0 | AF32: =+AE32*$AD$10 -> 0 | AH32: =+AG32*$AH$10 -> 0 | AJ32: =+AI32*$AJ$10 -> 0 | AL32: =+AK32*$AL$10 -> 0 | AN32: =+AM32*$AN$10 -> 0 | AP32: =+AO32*$AP$10 -> 0 | AR32: =+AQ32*$AR$10 -> 0 | AT32: =+AS32*$AT$10 -> 0 | AV32: =+AU32*$AV$10 -> 0 | AX32: =+AW32*$AX$10 -> 0 | AZ32: 0 | BB32: =+BA32*$BB$10 -> 0 | BD32: =+BC32*$BD$10 -> 0 | BF32: 0 | BH32: =+BG32*$BH$10 -> 0 | BJ32: =+BI32*$BJ$10 -> 0 | BL32: =+BK32*$BL$10 -> 0 | BN32: =+BM32*$BN$10 -> 0
C33: QUINDIO | D33: 3 | E33: =G33+I33+K33+M33+O33+Q33+S33+U33+W33+Y33+AA33+AC33+AE33+AG33+AI33+AK33+AM33+AO33+AQ33+AS33+AU33+AW33+AY33+BA33+BC33+BE33+BG33+BI33+BK33+BM33 -> 10 | F33: =H33+J33+L33+N33+P33+R33+T33+V33+X33+Z33+AB33+AD33+AF33+AH33+AJ33+AL33+AN33+AP33+AR33+AT33+AV33+AX33+AZ33+BB33+BD33+BF33+BH33+BJ33+BL33+BN33 -> 44388871 | G33: 1 | H33: =+G33*$H$10 -> 6058286 | I33: =4+1 -> 5 | J33: =+I33*$J$10 -> 30291430 | L33: =+K33*$L$10 -> 0 | N33: =+M33*$N$10 -> 0 | O33: 1 | P33: =+O33*$P$10 -> 2712598 | R33: =+Q33*$R$10 -> 0 | T33: =+S33*$T$10 -> 0 | V33: =+U33*$V$10 -> 0 | X33: =+W33*$X$10 -> 0 | Y33: 3 | Z33: =+Y33*$Z$10 -> 5326557 | AB33: =+AA33*$AB$10 -> 0 | AD33: =+AC33*$AD$10 -> 0 | AF33: =+AE33*$AD$10 -> 0 | AH33: =+AG33*$AH$10 -> 0 | AJ33: =+AI33*$AJ$10 -> 0 | AL33: =+AK33*$AL$10 -> 0 | AN33: =+AM33*$AN$10 -> 0 | AP33: =+AO33*$AP$10 -> 0 | AR33: =+AQ33*$AR$10 -> 0 | AT33: =+AS33*$AT$10 -> 0 | AV33: =+AU33*$AV$10 -> 0 | AX33: =+AW33*$AX$10 -> 0 | AZ33: 0 | BB33: =+BA33*$BB$10 -> 0 | BD33: =+BC33*$BD$10 -> 0 | BF33: 0 | BH33: =+BG33*$BH$10 -> 0 | BJ33: =+BI33*$BJ$10 -> 0 | BL33: =+BK33*$BL$10 -> 0 | BN33: =+BM33*$BN$10 -> 0
C34: RISARALDA | D34: 3 | E34: =G34+I34+K34+M34+O34+Q34+S34+U34+W34+Y34+AA34+AC34+AE34+AG34+AI34+AK34+AM34+AO34+AQ34+AS34+AU34+AW34+AY34+BA34+BC34+BE34+BG34+BI34+BK34+BM34 -> 16 | F34: =H34+J34+L34+N34+P34+R34+T34+V34+X34+Z34+AB34+AD34+AF34+AH34+AJ34+AL34+AN34+AP34+AR34+AT34+AV34+AX34+AZ34+BB34+BD34+BF34+BH34+BJ34+BL34+BN34 -> 52100870 | G34: 1 | H34: =+G34*$H$10 -> 6058286 | I34: 5 | J34: =+I34*$J$10 -> 30291430 | L34: =+K34*$L$10 -> 0 | N34: =+M34*$N$10 -> 0 | P34: =+O34*$P$10 -> 0 | Q34: 2 | R34: =+Q34*$R$10 -> 3978478 | T34: =+S34*$T$10 -> 0 | V34: =+U34*$V$10 -> 0 | X34: =+W34*$X$10 -> 0 | Z34: =+Y34*$Z$10 -> 0 | AB34: =+AA34*$AB$10 -> 0 | AD34: =+AC34*$AD$10 -> 0 | AF34: =+AE34*$AD$10 -> 0 | AH34: =+AG34*$AH$10 -> 0 | AJ34: =+AI34*$AJ$10 -> 0 | AL34: =+AK34*$AL$10 -> 0 | AN34: =+AM34*$AN$10 -> 0 | AP34: =+AO34*$AP$10 -> 0 | AR34: =+AQ34*$AR$10 -> 0 | AT34: =+AS34*$AT$10 -> 0 | AV34: =+AU34*$AV$10 -> 0 | AX34: =+AW34*$AX$10 -> 0 | AZ34: 0 | BB34: =+BA34*$BB$10 -> 0 | BC34: 2 | BD34: =+BC34*$BD$10 -> 2983858 | BE34: =1+5 -> 6 | BF34: =+BE34*BF10 -> 8788818 | BH34: =+BG34*$BH$10 -> 0 | BJ34: =+BI34*$BJ$10 -> 0 | BL34: =+BK34*$BL$10 -> 0 | BN34: =+BM34*$BN$10 -> 0
C35: SAN ANDRES | D35: 4 | E35: =G35+I35+K35+M35+O35+Q35+S35+U35+W35+Y35+AA35+AC35+AE35+AG35+AI35+AK35+AM35+AO35+AQ35+AS35+AU35+AW35+AY35+BA35+BC35+BE35+BG35+BI35+BK35+BM35 -> 4 | F35: =H35+J35+L35+N35+P35+R35+T35+V35+X35+Z35+AB35+AD35+AF35+AH35+AJ35+AL35+AN35+AP35+AR35+AT35+AV35+AX35+AZ35+BB35+BD35+BF35+BH35+BJ35+BL35+BN35 -> 23851520 | H35: =+G35*$H$10 -> 0 | J35: =+I35*$J$10 -> 0 | K35: 4 | L35: =+K35*$L$10 -> 23851520 | N35: =+M35*$N$10 -> 0 | P35: =+O35*$P$10 -> 0 | R35: =+Q35*$R$10 -> 0 | T35: =+S35*$T$10 -> 0 | V35: =+U35*$V$10 -> 0 | X35: =+W35*$X$10 -> 0 | Z35: =+Y35*$Z$10 -> 0 | AB35: =+AA35*$AB$10 -> 0 | AD35: =+AC35*$AD$10 -> 0 | AF35: =+AE35*$AD$10 -> 0 | AH35: =+AG35*$AH$10 -> 0 | AJ35: =+AI35*$AJ$10 -> 0 | AL35: =+AK35*$AL$10 -> 0 | AN35: =+AM35*$AN$10 -> 0 | AP35: =+AO35*$AP$10 -> 0 | AR35: =+AQ35*$AR$10 -> 0 | AT35: =+AS35*$AT$10 -> 0 | AV35: =+AU35*$AV$10 -> 0 | AX35: =+AW35*$AX$10 -> 0 | AZ35: 0 | BB35: =+BA35*$BB$10 -> 0 | BD35: =+BC35*$BD$10 -> 0 | BF35: 0 | BH35: =+BG35*$BH$10 -> 0 | BJ35: =+BI35*$BJ$10 -> 0 | BL35: =+BK35*$BL$10 -> 0 | BN35: =+BM35*$BN$10 -> 0
C36: SANTANDER | D36: 5 | E36: =G36+I36+K36+M36+O36+Q36+S36+U36+W36+Y36+AA36+AC36+AE36+AG36+AI36+AK36+AM36+AO36+AQ36+AS36+AU36+AW36+AY36+BA36+BC36+BE36+BG36+BI36+BK36+BM36 -> 25 | F36: =H36+J36+L36+N36+P36+R36+T36+V36+X36+Z36+AB36+AD36+AF36+AH36+AJ36+AL36+AN36+AP36+AR36+AT36+AV36+AX36+AZ36+BB36+BD36+BF36+BH36+BJ36+BL36+BN36 -> 102926592 | G36: 1 | H36: =+G36*$H$10 -> 6058286 | I36: 10 | J36: =+I36*$J$10 -> 60582860 | L36: =+K36*$L$10 -> 0 | M36: 2 | N36: =+M36*$N$10 -> 11896270 | O36: 3 | P36: =+O36*$P$10 -> 8137794 | R36: =+Q36*$R$10 -> 0 | T36: =+S36*$T$10 -> 0 | V36: =+U36*$V$10 -> 0 | W36: 1 | X36: =+W36*$X$10 -> 2663277 | Y36: 2 | Z36: =+Y36*$Z$10 -> 3551038 | AB36: =+AA36*$AB$10 -> 0 | AD36: =+AC36*$AD$10 -> 0 | AF36: =+AE36*$AD$10 -> 0 | AH36: =+AG36*$AH$10 -> 0 | AJ36: =+AI36*$AJ$10 -> 0 | AK36: 3 | AL36: =+AK36*$AL$10 -> 2712597 | AN36: =+AM36*$AN$10 -> 0 | AO36: 3 | AP36: =+AO36*$AP$10 -> 7324470 | AR36: =+AQ36*$AR$10 -> 0 | AT36: =+AS36*$AT$10 -> 0 | AV36: =+AU36*$AV$10 -> 0 | AX36: =+AW36*$AX$10 -> 0 | AZ36: 0 | BB36: =+BA36*$BB$10 -> 0 | BD36: =+BC36*$BD$10 -> 0 | BF36: 0 | BH36: =+BG36*$BH$10 -> 0 | BJ36: =+BI36*$BJ$10 -> 0 | BL36: =+BK36*$BL$10 -> 0 | BN36: =+BM36*$BN$10 -> 0
C37: SUCRE | D37: 4 | E37: =G37+I37+K37+M37+O37+Q37+S37+U37+W37+Y37+AA37+AC37+AE37+AG37+AI37+AK37+AM37+AO37+AQ37+AS37+AU37+AW37+AY37+BA37+BC37+BE37+BG37+BI37+BK37+BM37 -> 7 | F37: =H37+J37+L37+N37+P37+R37+T37+V37+X37+Z37+AB37+AD37+AF37+AH37+AJ37+AL37+AN37+AP37+AR37+AT37+AV37+AX37+AZ37+BB37+BD37+BF37+BH37+BJ37+BL37+BN37 -> 38338955 | G37: 1 | H37: =+G37*$H$10 -> 6058286 | I37: =4+1 -> 5 | J37: =+I37*$J$10 -> 30291430 | L37: =+K37*$L$10 -> 0 | N37: =+M37*$N$10 -> 0 | P37: =+O37*$P$10 -> 0 | Q37: 1 | R37: =+Q37*$R$10 -> 1989239 | T37: =+S37*$T$10 -> 0 | V37: =+U37*$V$10 -> 0 | X37: =+W37*$X$10 -> 0 | Z37: =+Y37*$Z$10 -> 0 | AB37: =+AA37*$AB$10 -> 0 | AD37: =+AC37*$AD$10 -> 0 | AF37: =+AE37*$AD$10 -> 0 | AH37: =+AG37*$AH$10 -> 0 | AJ37: =+AI37*$AJ$10 -> 0 | AL37: =+AK37*$AL$10 -> 0 | AN37: =+AM37*$AN$10 -> 0 | AP37: =+AO37*$AP$10 -> 0 | AR37: =+AQ37*$AR$10 -> 0 | AT37: =+AS37*$AT$10 -> 0 | AV37: =+AU37*$AV$10 -> 0 | AX37: =+AW37*$AX$10 -> 0 | AZ37: 0 | BB37: =+BA37*$BB$10 -> 0 | BD37: =+BC37*$BD$10 -> 0 | BF37: 0 | BH37: =+BG37*$BH$10 -> 0 | BJ37: =+BI37*$BJ$10 -> 0 | BL37: =+BK37*$BL$10 -> 0 | BN37: =+BM37*$BN$10 -> 0
C38: TOLIMA | D38: 2 | E38: =G38+I38+K38+M38+O38+Q38+S38+U38+W38+Y38+AA38+AC38+AE38+AG38+AI38+AK38+AM38+AO38+AQ38+AS38+AU38+AW38+AY38+BA38+BC38+BE38+BG38+BI38+BK38+BM38 -> 18 | F38: =H38+J38+L38+N38+P38+R38+T38+V38+X38+Z38+AB38+AD38+AF38+AH38+AJ38+AL38+AN38+AP38+AR38+AT38+AV38+AX38+AZ38+BB38+BD38+BF38+BH38+BJ38+BL38+BN38 -> 92855159 | G38: 1 | H38: =+G38*$H$10 -> 6058286 | I38: 13 | J38: =+I38*$J$10 -> 78757718 | L38: =+K38*$L$10 -> 0 | N38: =+M38*$N$10 -> 0 | O38: 1 | P38: =+O38*$P$10 -> 2712598 | R38: =+Q38*$R$10 -> 0 | T38: =+S38*$T$10 -> 0 | V38: =+U38*$V$10 -> 0 | X38: =+W38*$X$10 -> 0 | Y38: 3 | Z38: =+Y38*$Z$10 -> 5326557 | AB38: =+AA38*$AB$10 -> 0 | AD38: =+AC38*$AD$10 -> 0 | AF38: =+AE38*$AD$10 -> 0 | AH38: =+AG38*$AH$10 -> 0 | AJ38: =+AI38*$AJ$10 -> 0 | AL38: =+AK38*$AL$10 -> 0 | AN38: =+AM38*$AN$10 -> 0 | AP38: =+AO38*$AP$10 -> 0 | AR38: =+AQ38*$AR$10 -> 0 | AT38: =+AS38*$AT$10 -> 0 | AV38: =+AU38*$AV$10 -> 0 | AX38: =+AW38*$AX$10 -> 0 | AZ38: 0 | BB38: =+BA38*$BB$10 -> 0 | BD38: =+BC38*$BD$10 -> 0 | BF38: 0 | BH38: =+BG38*$BH$10 -> 0 | BJ38: =+BI38*$BJ$10 -> 0 | BL38: =+BK38*$BL$10 -> 0 | BN38: =+BM38*$BN$10 -> 0
C39: VALLE | D39: 2 | E39: =G39+I39+K39+M39+O39+Q39+S39+U39+W39+Y39+AA39+AC39+AE39+AG39+AI39+AK39+AM39+AO39+AQ39+AS39+AU39+AW39+AY39+BA39+BC39+BE39+BG39+BI39+BK39+BM39 -> 24 | F39: =H39+J39+L39+N39+P39+R39+T39+V39+X39+Z39+AB39+AD39+AF39+AH39+AJ39+AL39+AN39+AP39+AR39+AT39+AV39+AX39+AZ39+BB39+BD39+BF39+BH39+BJ39+BL39+BN39 -> 133191723 | G39: 1 | H39: =+G39*$H$10 -> 6058286 | I39: =18+2 -> 20 | J39: =+I39*$J$10 -> 121165720 | L39: =+K39*$L$10 -> 0 | N39: =+M39*$N$10 -> 0 | P39: =+O39*$P$10 -> 0 | Q39: 3 | R39: =+Q39*$R$10 -> 5967717 | T39: =+S39*$T$10 -> 0 | V39: =+U39*$V$10 -> 0 | X39: =+W39*$X$10 -> 0 | Z39: =+Y39*$Z$10 -> 0 | AB39: =+AA39*$AB$10 -> 0 | AD39: =+AC39*$AD$10 -> 0 | AF39: =+AE39*$AD$10 -> 0 | AH39: =+AG39*$AH$10 -> 0 | AJ39: =+AI39*$AJ$10 -> 0 | AL39: =+AK39*$AL$10 -> 0 | AN39: =+AM39*$AN$10 -> 0 | AP39: =+AO39*$AP$10 -> 0 | AR39: =+AQ39*$AR$10 -> 0 | AT39: =+AS39*$AT$10 -> 0 | AV39: =+AU39*$AV$10 -> 0 | AX39: =+AW39*$AX$10 -> 0 | AZ39: 0 | BB39: =+BA39*$BB$10 -> 0 | BD39: =+BC39*$BD$10 -> 0 | BF39: 0 | BH39: =+BG39*$BH$10 -> 0 | BJ39: =+BI39*$BJ$10 -> 0 | BL39: =+BK39*$BL$10 -> 0 | BN39: =+BM39*$BN$10 -> 0
C40: VAUPES | D40: 1 | E40: =G40+I40+K40+M40+O40+Q40+S40+U40+W40+Y40+AA40+AC40+AE40+AG40+AI40+AK40+AM40+AO40+AQ40+AS40+AU40+AW40+AY40+BA40+BC40+BE40+BG40+BI40+BK40+BM40 -> 4 | F40: =H40+J40+L40+N40+P40+R40+T40+V40+X40+Z40+AB40+AD40+AF40+AH40+AJ40+AL40+AN40+AP40+AR40+AT40+AV40+AX40+AZ40+BB40+BD40+BF40+BH40+BJ40+BL40+BN40 -> 10751750 | H40: =+G40*$H$10 -> 0 | J40: =+I40*$J$10 -> 0 | L40: =+K40*$L$10 -> 0 | N40: =+M40*$N$10 -> 0 | O40: 2 | P40: =+O40*$P$10 -> 5425196 | R40: =+Q40*$R$10 -> 0 | T40: =+S40*$T$10 -> 0 | V40: =+U40*$V$10 -> 0 | W40: 2 | X40: =+W40*$X$10 -> 5326554 | Z40: =+Y40*$Z$10 -> 0 | AB40: =+AA40*$AB$10 -> 0 | AD40: =+AC40*$AD$10 -> 0 | AF40: =+AE40*$AD$10 -> 0 | AH40: =+AG40*$AH$10 -> 0 | AJ40: =+AI40*$AJ$10 -> 0 | AL40: =+AK40*$AL$10 -> 0 | AN40: =+AM40*$AN$10 -> 0 | AP40: =+AO40*$AP$10 -> 0 | AR40: =+AQ40*$AR$10 -> 0 | AT40: =+AS40*$AT$10 -> 0 | AV40: =+AU40*$AV$10 -> 0 | AX40: =+AW40*$AX$10 -> 0 | AZ40: 0 | BB40: =+BA40*$BB$10 -> 0 | BD40: =+BC40*$BD$10 -> 0 | BF40: 0 | BH40: =+BG40*$BH$10 -> 0 | BJ40: =+BI40*$BJ$10 -> 0 | BL40: =+BK40*$BL$10 -> 0 | BN40: =+BM40*$BN$10 -> 0
C41: VICHADA | D41: 5 | E41: =G41+I41+K41+M41+O41+Q41+S41+U41+W41+Y41+AA41+AC41+AE41+AG41+AI41+AK41+AM41+AO41+AQ41+AS41+AU41+AW41+AY41+BA41+BC41+BE41+BG41+BI41+BK41+BM41 -> 5 | F41: =H41+J41+L41+N41+P41+R41+T41+V41+X41+Z41+AB41+AD41+AF41+AH41+AJ41+AL41+AN41+AP41+AR41+AT41+AV41+AX41+AZ41+BB41+BD41+BF41+BH41+BJ41+BL41+BN41 -> 26344181 | G41: 1 | H41: =+G41*$H$10 -> 6058286 | J41: =+I41*$J$10 -> 0 | L41: =+K41*$L$10 -> 0 | M41: 3 | N41: =+M41*$N$10 -> 17844405 | P41: =+O41*$P$10 -> 0 | R41: =+Q41*$R$10 -> 0 | T41: =+S41*$T$10 -> 0 | V41: =+U41*$V$10 -> 0 | X41: =+W41*$X$10 -> 0 | Z41: =+Y41*$Z$10 -> 0 | AB41: =+AA41*$AB$10 -> 0 | AD41: =+AC41*$AD$10 -> 0 | AF41: =+AE41*$AD$10 -> 0 | AH41: =+AG41*$AH$10 -> 0 | AJ41: =+AI41*$AJ$10 -> 0 | AL41: =+AK41*$AL$10 -> 0 | AN41: =+AM41*$AN$10 -> 0 | AO41: 1 | AP41: =+AO41*$AP$10 -> 2441490 | AR41: =+AQ41*$AR$10 -> 0 | AT41: =+AS41*$AT$10 -> 0 | AV41: =+AU41*$AV$10 -> 0 | AX41: =+AW41*$AX$10 -> 0 | AZ41: 0 | BB41: =+BA41*$BB$10 -> 0 | BD41: =+BC41*$BD$10 -> 0 | BF41: 0 | BH41: =+BG41*$BH$10 -> 0 | BJ41: =+BI41*$BJ$10 -> 0 | BL41: =+BK41*$BL$10 -> 0 | BN41: =+BM41*$BN$10 -> 0
C42: BOGOTA | D42: 1 | E42: =G42+I42+K42+M42+O42+Q42+S42+U42+W42+Y42+AA42+AC42+AE42+AG42+AI42+AK42+AM42+AO42+AQ42+AS42+AU42+AW42+AY42+BA42+BC42+BE42+BG42+BI42+BK42+BM42 -> 76 | F42: =H42+J42+L42+N42+P42+R42+T42+V42+X42+Z42+AB42+AD42+AF42+AH42+AJ42+AL42+AN42+AP42+AR42+AT42+AV42+AX42+AZ42+BB42+BD42+BF42+BH42+BJ42+BL42+BN42 -> 347450085 | G42: 1 | H42: =+G42*$H$10 -> 6058286 | I42: 48 | J42: =+I42*$J$10 -> 290797728 | L42: =+K42*$L$10 -> 0 | N42: =+M42*$N$10 -> 0 | P42: =+O42*$P$10 -> 0 | Q42: 10 | R42: =+Q42*$R$10 -> 19892390 | T42: =+S42*$T$10 -> 0 | V42: =+U42*$V$10 -> 0 | X42: =+W42*$X$10 -> 0 | Y42: 13 | Z42: =+Y42*$Z$10 -> 23081747 | AB42: =+AA42*$AB$10 -> 0 | AE42: 1 | AF42: =+AE42*$AD$10 -> 2737257 | AH42: =+AG42*$AH$10 -> 0 | AJ42: =+AI42*$AJ$10 -> 0 | AL42: =+AK42*$AL$10 -> 0 | AN42: =+AM42*$AN$10 -> 0 | AP42: =+AO42*$AP$10 -> 0 | AR42: =+AQ42*$AR$10 -> 0 | AT42: =+AS42*$AT$10 -> 0 | AV42: =+AU42*$AV$10 -> 0 | AX42: =+AW42*$AX$10 -> 0 | AZ42: 0 | BB42: =+BA42*$BB$10 -> 0 | BD42: =+BC42*$BD$10 -> 0 | BF42: 0 | BH42: =+BG42*$BH$10 -> 0 | BJ42: =+BI42*$BJ$10 -> 0 | BK42: 3 | BL42: =+BK42*$BL$10 -> 4882677 | BN42: =+BM42*$BN$10 -> 0
C43: CUNDINAMARCA | D43: 1 | E43: =G43+I43+K43+M43+O43+Q43+S43+U43+W43+Y43+AA43+AC43+AE43+AG43+AI43+AK43+AM43+AO43+AQ43+AS43+AU43+AW43+AY43+BA43+BC43+BE43+BG43+BI43+BK43+BM43 -> 25 | F43: =H43+J43+L43+N43+P43+R43+T43+V43+X43+Z43+AB43+AD43+AF43+AH43+AJ43+AL43+AN43+AP43+AR43+AT43+AV43+AX43+AZ43+BB43+BD43+BF43+BH43+BJ43+BL43+BN43 -> 143282887 | G43: 1 | H43: =+G43*$H$10 -> 6058286 | I43: 22 | J43: =+I43*$J$10 -> 133282292 | L43: =+K43*$L$10 -> 0 | N43: =+M43*$N$10 -> 0 | P43: =+O43*$P$10 -> 0 | Q43: 1 | R43: =+Q43*$R$10 -> 1989239 | S43: 1 | T43: =+S43*$T$10 -> 1953070 | V43: =+U43*$V$10 -> 0 | X43: =+W43*$X$10 -> 0 | Z43: =+Y43*$Z$10 -> 0 | AB43: =+AA43*$AB$10 -> 0 | AD43: =+AC43*$AD$10 -> 0 | AF43: =+AE43*$AD$10 -> 0 | AH43: =+AG43*$AH$10 -> 0 | AJ43: =+AI43*$AJ$10 -> 0 | AL43: =+AK43*$AL$10 -> 0 | AN43: =+AM43*$AN$10 -> 0 | AP43: =+AO43*$AP$10 -> 0 | AR43: =+AQ43*$AR$10 -> 0 | AT43: =+AS43*$AT$10 -> 0 | AV43: =+AU43*$AV$10 -> 0 | AX43: =+AW43*$AX$10 -> 0 | AZ43: 0 | BB43: =+BA43*$BB$10 -> 0 | BD43: =+BC43*$BD$10 -> 0 | BF43: 0 | BH43: =+BG43*$BH$10 -> 0 | BJ43: =+BI43*$BJ$10 -> 0 | BL43: =+BK43*$BL$10 -> 0 | BN43: =+BM43*$BN$10 -> 0
C44: SEDE NACIONAL | D44: 1 | E44: =G44+I44+K44+M44+O44+Q44+S44+U44+W44+Y44+AA44+AC44+AE44+AG44+AI44+AK44+AM44+AO44+AQ44+AS44+AU44+AW44+AY44+BA44+BC44+BE44+BG44+BI44+BK44+BM44 -> 19 | F44: =H44+J44+L44+N44+P44+R44+T44+V44+X44+Z44+AB44+AD44+AF44+AH44+AJ44+AL44+AN44+AP44+AR44+AT44+AV44+AX44+AZ44+BB44+BD44+BF44+BH44+BJ44+BL44+BN44 -> 61883199 | G44: 1 | H44: =+G44*$H$10 -> 6058286 | I44: 4 | J44: =+I44*$J$10 -> 24233144 | L44: =+K44*$L$10 -> 0 | M44: 1 | N44: =+M44*$N$10 -> 5948135 | P44: =+O44*$P$10 -> 0 | R44: =+Q44*$R$10 -> 0 | S44: 9 | T44: =+S44*$T$10 -> 17577630 | V44: =+U44*$V$10 -> 0 | X44: =+W44*$X$10 -> 0 | Z44: =+Y44*$Z$10 -> 0 | AB44: =+AA44*$AB$10 -> 0 | AC44: 1 | AD44: =+AC44*$AD$10 -> 2737257 | AE44: 1 | AF44: =+AE44*$AF$10 -> 2007322 | AH44: =+AG44*$AH$10 -> 0 | AJ44: =+AI44*$AJ$10 -> 0 | AL44: =+AK44*$AL$10 -> 0 | AM44: 1 | AN44: =+AM44*$AN$10 -> 669107 | AP44: =+AO44*$AP$10 -> 0 | AR44: =+AQ44*$AR$10 -> 0 | AT44: =+AS44*$AT$10 -> 0 | AV44: =+AU44*$AV$10 -> 0 | AX44: =+AW44*$AX$10 -> 0 | AZ44: 0 | BB44: =+BA44*$BB$10 -> 0 | BD44: =+BC44*$BD$10 -> 0 | BF44: 0 | BH44: =+BG44*$BH$10 -> 0 | BJ44: =+BI44*$BJ$10 -> 0 | BL44: =+BK44*$BL$10 -> 0 | BM44: 1 | BN44: =+BM44*$BN$10 -> 2652318
C45: TOTAL | E45: =G45+I45+K45+M45+O45+Q45+S45+U45+W45+Y45+AA45+AG45+AI45+AK45+AO45+AQ45+AS45+AU45+AW45+AY45+BA45+BC45+BE45+BG45+BI45+BM45 -> 471 | F45: =SUM(F11:F44) -> 2368099644 | G45: =SUM(G11:G44) -> 26 | H45: =SUM(H11:H44) -> 157515436 | I45: =SUM(I11:I44) -> 297 | J45: =SUM(J11:J44) -> 1799310942 | K45: =SUM(K11:K44) -> 13 | L45: =SUM(L11:L44) -> 77517440 | M45: =SUM(M11:M44) -> 16 | ... BN45: =SUM(BN11:BN44) -> 5304636
C46: Revisado Amparo Cardenas Campos - Coordinadora Grupo Planeación Administrativa
C47: Elaborado Profesionales Grupo Planeación Administrativa

Sheet  Circular 025 de 2014
B2: CIRCULAR EXTERNA 20143200000025 DE 2014 SUPERVIGILANCIA
B4: TARIFA MÍNIMA REGULADA PARA EL 2014
B5: JORNADA LABORAL | C5: Variable de Proporcionalidad | G5: 2014 | H5: 2015
B6: 06:00 a.m. A 02:00 p.m. Turno de 8 Horas Diurno | C6: 0.2985 | E6: TIEMPO DE EJECUCIÓN (meses) | G6: =1/2 -> 0.5 | H6: 11
B7: 02:00 p.m. A 10:00 p.m. Turno de 8 Horas Diurno | C7: 0.2985 | E7: SMLMV (Nota 1) | G7: 616000 | H7: =G7*(1+3%) -> 634480
B8: 10:00 p.m. A 06:00 a.m. Turno de 8 Horas Nocturno | C8: 0.403
B10: CANTIDADES DE DÍAS MES (CIRCULAR 20143200000025 DE 2014)
B11: Lunes a viernes sin festivos | C11: 20
B12: Lunes a sábados sin festivos | C12: 24
B13: Lunes a viernes con festivos | C13: 22
B14: Lunes a sábados con festivos | C14: 26
B15: Sábados y Domingos | C15: 8
B16: Sábados, Domingos y festivos | C16: 10
B18: Administración y Supervisión
B19: Sin Arma | C19: 0.08
B20: Con Arma | C20: 0.1
B21: Con Canino | C21: 0.11
B23: TURNOS DE VIGILANCIA | C23: Variable de Proporcionalidad | D23: Proporción del Mes | E23: Administración y Supervisión | F23: valor unitario Turno | G23: valor A y S (8%, 10%, 11%) | H23: valor unitario incluido A y S | I23: Base del 10% para impuesto IVA | J23: IVA | K23: valor unitario incluido IVA | L23: Presupuesto Estimado Area Técnica Turnos de Vigilancia | M23: Diferencia
B24: 24 horas lunes a domingo sin arma | C24: =SUM($C$6:$C$8) -> 1 | D24: =30/30 -> 1 | E24: =+C19 -> 0.08 | F24: =+(($G$7*8.8)*C24*D24) -> 5420800 | G24: =+F24*E24 -> 433664 | H24: =+ROUND(F24+G24,0) -> 5854464 | I24: =+H24*10% -> 585446.4 | J24: 0.16 | K24: =+ROUND((I24*J24),0)+H24 -> 5948135 | L24: =+'Vigilancia 140904'!N10 -> 5948135 | M24: =+K24-L24 -> 0
B25: 24 horas lunes a domingo con arma | C25: =SUM($C$6:$C$8) -> 1 | D25: =30/30 -> 1 | E25: =+C20 -> 0.1 | F25: =+(($G$7*8.8)*C25*D25) -> 5420800 | G25: =+F25*E25 -> 542080 | H25: =+ROUND(F25+G25,0) -> 5962880 | I25: =+H25*10% -> 596288 | J25: 0.16 | K25: =+ROUND((I25*J25),0)+H25 -> 6058286 | L25: =+'Vigilancia 140904'!J10 -> 6058286 | M25: =+K25-L25 -> 0
B26: 16 horas diurnas lunes a viernes sin arma con festivos | C26: =($C$6/8)*16 -> 0.597 | D26: =$C$13/30 -> 0.73333333 | E26: =+C19 -> 0.08 | F26: =+(($G$7*8.8)*C26*D26) -> 2373226.2 | G26: =+F26*E26 -> 189858.1 | H26: =+ROUND(F26+G26,0) -> 2563084 | I26: =+H26*10% -> 256308.4 | J26: 0.16 | K26: =+ROUND((I26*J26),0)+H26 -> 2604093 | M26: =+K26-L26 -> 2604093
B27: 16 horas diurnas lunes a viernes con arma con festivos | C27: =($C$6/8)*16 -> 0.597 | D27: =$C$13/30 -> 0.73333333 | E27: =+C20 -> 0.1 | F27: =+(($G$7*8.8)*C27*D27) -> 2373226.2 | G27: =+F27*E27 -> 237322.62 | H27: =+ROUND(F27+G27,0) -> 2610549 | I27: =+H27*10% -> 261054.9 | J27: 0.16 | K27: =+ROUND((I27*J27),0)+H27 -> 2652318 | L27: =+'Vigilancia 140904'!BN10 -> 2652318 | M27: =+K27-L27 -> 0
B28: 12 horas diurnas lunes a domingo sin arma | C28: =($C$6/8)*12 -> 0.44775 | D28: =30/30 -> 1 | E28: =+C19 -> 0.08 | F28: =+(($G$7*8.8)*C28*D28) -> 2427163.2 | G28: =+F28*E28 -> 194173.06 | H28: =+ROUND(F28+G28,0) -> 2621336 | I28: =+H28*10% -> 262133.6 | J28: 0.16 | K28: =+ROUND((I28*J28),0)+H28 -> 2663277 | L28: =+'Vigilancia 140904'!X10 -> 2663277 | M28: =+K28-L28 -> 0
B29: 12 horas diurnas lunes a domingo con arma | C29: =($C$6/8)*12 -> 0.44775 | D29: =30/30 -> 1 | E29: =+C20 -> 0.1 | F29: =+(($G$7*8.8)*C29*D29) -> 2427163.2 | G29: =+F29*E29 -> 242716.32 | H29: =+ROUND(F29+G29,0) -> 2669880 | I29: =+H29*10% -> 266988 | J29: 0.16 | K29: =+ROUND((I29*J29),0)+H29 -> 2712598 | L29: =+'Vigilancia 140904'!P10 -> 2712598 | M29: =+K29-L29 -> 0
B30: 12 horas diurnas lunes a domingo con canino | C30: =($C$6/8)*12 -> 0.44775 | D30: =30/30 -> 1 | E30: =+C21 -> 0.11 | F30: =+(($G$7*8.8)*C30*D30) -> 2427163.2 | G30: =+F30*E30 -> 266987.95 | H30: =+ROUND(F30+G30,0) -> 2694151 | I30: =+H30*10% -> 269415.1 | J30: 0.16 | K30: =+ROUND((I30*J30),0)+H30 -> 2737257 | L30: =+'Vigilancia 140904'!AD10 -> 2737257 | M30: =+K30-L30 -> 0
B31: 12 horas diurnas lunes a sábado con arma con festivos | C31: =($C$6/8)*12 -> 0.44775 | D31: =$C$14/30 -> 0.86666667 | E31: =+C20 -> 0.1 | F31: =+(($G$7*8.8)*C31*D31) -> 2103541.4 | G31: =+F31*E31 -> 210354.14 | H31: =+ROUND(F31+G31,0) -> 2313896 | I31: =+H31*10% -> 231389.6 | J31: 0.16 | K31: =+ROUND((I31*J31),0)+H31 -> 2350918 | L31: =+'Vigilancia 140904'!V10 -> 2350918 | M31: =+K31-L31 -> 0
B32: 12 horas diurnas lunes a viernes sin arma con festivos | C32: =($C$6/8)*12 -> 0.44775 | D32: =$C$13/30 -> 0.73333333 | E32: =+C19 -> 0.08 | F32: =+(($G$7*8.8)*C32*D32) -> 1779919.7 | G32: =+F32*E32 -> 142393.57 | H32: =+ROUND(F32+G32,0) -> 1922313 | I32: =+H32*10% -> 192231.3 | J32: 0.16 | K32: =+ROUND((I32*J32),0)+H32 -> 1953070 | L32: =+'Vigilancia 140904'!T10 -> 1953070 | M32: =+K32-L32 -> 0
B33: 12 horas diurnas lunes a viernes sin arma sin festivos | C33: =($C$6/8)*12 -> 0.44775 | D33: =$C$11/30 -> 0.66666667 | E33: =+C19 -> 0.08 | F33: =+(($G$7*8.8)*C33*D33) -> 1618108.8 | G33: =+F33*E33 -> 129448.7 | H33: =+ROUND(F33+G33,0) -> 1747558 | I33: =+H33*10% -> 174755.8 | J33: 0.16 | K33: =+ROUND((I33*J33),0)+H33 -> 1775519 | L33: =+'Vigilancia 140904'!Z10 -> 1775519 | M33: =+K33-L33 -> 0
B34: 12 horas diurnas lunes a viernes con arma con festivos | C34: =($C$6/8)*12 -> 0.44775 | D34: =$C$13/30 -> 0.73333333 | E34: =+C20 -> 0.1 | F34: =+(($G$7*8.8)*C34*D34) -> 1779919.7 | G34: =+F34*E34 -> 177991.97 | H34: =+ROUND(F34+G34,0) -> 1957912 | I34: =+H34*10% -> 195791.2 | J34: 0.16 | K34: =+ROUND((I34*J34),0)+H34 -> 1989239 | L34: =+'Vigilancia 140904'!R10 -> 1989239 | M34: =+K34-L34 -> 0
B35: 12 horas diurnas lunes a viernes con arma sin festivos | C35: =($C$6/8)*12 -> 0.44775 | D35: =$C$11/30 -> 0.66666667 | E35: =+C20 -> 0.1 | F35: =+(($G$7*8.8)*C35*D35) -> 1618108.8 | G35: =+F35*E35 -> 161810.88 | H35: =+ROUND(F35+G35,0) -> 1779920 | I35: =+H35*10% -> 177992 | J35: 0.16 | K35: =+ROUND((I35*J35),0)+H35 -> 1808399 | L35: =+'Vigilancia 140904'!AB10 -> 1808399 | M35: =+K35-L35 -> 0
B36: 12 horas diurnas lunes a viernes con canino con festivos | C36: =($C$6/8)*12 -> 0.44775 | D36: =$C$13/30 -> 0.73333333 | E36: =+C21 -> 0.11 | F36: =+(($G$7*8.8)*C36*D36) -> 1779919.7 | G36: =+F36*E36 -> 195791.16 | H36: =+ROUND(F36+G36,0) -> 1975711 | I36: =+H36*10% -> 197571.1 | J36: 0.16 | K36: =+ROUND((I36*J36),0)+H36 -> 2007322 | L36: =+'Vigilancia 140904'!AF10 -> 2007322 | M36: =+K36-L36 -> 0
B37: 10 horas diurnas lunes a domingo con arma | C37: =($C$6/8)*10 -> 0.373125 | D37: =30/30 -> 1 | E37: =+C20 -> 0.1 | F37: =+(($G$7*8.8)*C37*D37) -> 2022636 | G37: =+F37*E37 -> 202263.6 | H37: =+ROUND(F37+G37,0) -> 2224900 | I37: =+H37*10% -> 222490 | J37: 0.16 | K37: =+ROUND((I37*J37),0)+H37 -> 2260498 | L37: =+'Vigilancia 140904'!BJ10 -> 2260498 | M37: =+K37-L37 -> 0
B38: 10 horas diurnas lunes a viernes sin arma con festivos | C38: =($C$6/8)*10 -> 0.373125 | D38: =$C$13/30 -> 0.73333333 | E38: =+C19 -> 0.08 | F38: =+(($G$7*8.8)*C38*D38) -> 1483266.4 | G38: =+F38*E38 -> 118661.31 | H38: =+ROUND(F38+G38,0) -> 1601928 | I38: =+H38*10% -> 160192.8 | J38: 0.16 | K38: =+ROUND((I38*J38),0)+H38 -> 1627559 | L38: =+'Vigilancia 140904'!BL10 -> 1627559 | M38: =+K38-L38 -> 0
B39: 10 horas diurnas lunes a viernes con arma con festivos | C39: =($C$6/8)*10 -> 0.373125 | D39: =$C$13/30 -> 0.73333333 | E39: =+C20 -> 0.1 | F39: =+(($G$7*8.8)*C39*D39) -> 1483266.4 | G39: =+F39*E39 -> 148326.64 | H39: =+ROUND(F39+G39,0) -> 1631593 | I39: =+H39*10% -> 163159.3 | J39: 0.16 | K39: =+ROUND((I39*J39),0)+H39 -> 1657698 | L39: =+'Vigilancia 140904'!BH10 -> 1657698 | M39: =+K39-L39 -> 0
B40: 9 horas diurnas lunes a viernes sin arma con festivos | C40: =($C$6/8)*9 -> 0.3358125 | D40: =$C$13/30 -> 0.73333333 | E40: =+C19 -> 0.08 | F40: =+(($G$7*8.8)*C40*D40) -> 1334939.8 | G40: =+F40*E40 -> 106795.18 | H40: =+ROUND(F40+G40,0) -> 1441735 | I40: =+H40*10% -> 144173.5 | J40: 0.16 | K40: =+ROUND((I40*J40),0)+H40 -> 1464803 | L40: =+'Vigilancia 140904'!BF10 -> 1464803 | M40: =+K40-L40 -> 0
B41: 9 horas diurnas lunes a viernes con arma con festivos | C41: =($C$6/8)*9 -> 0.3358125 | D41: =$C$13/30 -> 0.73333333 | E41: =+C20 -> 0.1 | F41: =+(($G$7*8.8)*C41*D41) -> 1334939.8 | G41: =+F41*E41 -> 133493.98 | H41: =+ROUND(F41+G41,0) -> 1468434 | I41: =+H41*10% -> 146843.4 | J41: 0.16 | K41: =+ROUND((I41*J41),0)+H41 -> 1491929 | L41: =+'Vigilancia 140904'!BD10 -> 1491929 | M41: =+K41-L41 -> 0
B42: 8 horas nocturnas lunes a domingo con arma | C42: =($C$8/8)*8 -> 0.403 | D42: =30/30 -> 1 | E42: =+C20 -> 0.1 | F42: =+(($G$7*8.8)*C42*D42) -> 2184582.4 | G42: =+F42*E42 -> 218458.24 | H42: =+ROUND(F42+G42,0) -> 2403041 | I42: =+H42*10% -> 240304.1 | J42: 0.16 | K42: =+ROUND((I42*J42),0)+H42 -> 2441490 | L42: =+'Vigilancia 140904'!AP10 -> 2441490 | M42: =+K42-L42 -> 0
B43: 8 horas diurnas lunes a domingo con arma | C43: =($C$6/8)*8 -> 0.2985 | D43: =30/30 -> 1 | E43: =+C20 -> 0.1 | F43: =+(($G$7*8.8)*C43*D43) -> 1618108.8 | G43: =+F43*E43 -> 161810.88 | H43: =+ROUND(F43+G43,0) -> 1779920 | I43: =+H43*10% -> 177992 | J43: 0.16 | K43: =+ROUND((I43*J43),0)+H43 -> 1808399 | L43: =+'Vigilancia 140904'!AZ10 -> 1808399 | M43: =+K43-L43 -> 0
B44: 8 horas nocturnas lunes a viernes con arma con festivos | C44: =($C$8/8)*8 -> 0.403 | D44: =$C$13/30 -> 0.73333333 | E44: =+C20 -> 0.1 | F44: =+(($G$7*8.8)*C44*D44) -> 1602027.1 | G44: =+F44*E44 -> 160202.71 | H44: =+ROUND(F44+G44,0) -> 1762230 | I44: =+H44*10% -> 176223 | J44: 0.16 | K44: =+ROUND((I44*J44),0)+H44 -> 1790426 | L44: =+'Vigilancia 140904'!AR10 -> 1762230 | M44: =+H44-L44 -> 0
B45: 8 horas diurnas lunes a viernes sin arma con festivos | C45: =($C$6/8)*8 -> 0.2985 | D45: =$C$13/30 -> 0.73333333 | E45: =+C19 -> 0.08 | F45: =+(($G$7*8.8)*C45*D45) -> 1186613.1 | G45: =+F45*E45 -> 94929.05 | H45: =+ROUND(F45+G45,0) -> 1281542 | I45: =+H45*10% -> 128154.2 | J45: 0.16 | K45: =+ROUND((I45*J45),0)+H45 -> 1302047 | L45: =+'Vigilancia 140904'!BB10 -> 1302047 | M45: =+K45-L45 -> 0
B46: 8 horas diurnas domingo con arma | C46: =($C$6/8)*8 -> 0.2985 | D46: =($C$15/2)/30 -> 0.13333333 | E46: =+C20 -> 0.1 | F46: =+(($G$7*8.8)*C46*D46) -> 215747.84 | G46: =+F46*E46 -> 21574.784 | H46: =+ROUND(F46+G46,0) -> 237323 | I46: =+H46*10% -> 23732.3 | J46: 0.16 | K46: =+ROUND((I46*J46),0)+H46 -> 241120 | L46: =+'Vigilancia 140904'!AT10 -> 241120 | M46: =+K46-L46 -> 0
B47: 8 horas diurnas sábado con arma | C47: =($C$6/8)*8 -> 0.2985 | D47: =($C$15/2)/30 -> 0.13333333 | E47: =+C20 -> 0.1 | F47: =+(($G$7*8.8)*C47*D47) -> 215747.84 | G47: =+F47*E47 -> 21574.784 | H47: =+ROUND(F47+G47,0) -> 237323 | I47: =+H47*10% -> 23732.3 | J47: 0.16 | K47: =+ROUND((I47*J47),0)+H47 -> 241120 | L47: =+'Vigilancia 140904'!AV10 -> 241120 | M47: =+K47-L47 -> 0
B48: 4 horas diurnas lunes a domingo con arma | C48: =($C$6/8)*4 -> 0.14925 | D48: =30/30 -> 1 | E48: =+C20 -> 0.1 | F48: =+(($G$7*8.8)*C48*D48) -> 809054.4 | G48: =+F48*E48 -> 80905.44 | H48: =+ROUND(F48+G48,0) -> 889960 | I48: =+H48*10% -> 88996 | J48: 0.16 | K48: =+ROUND((I48*J48),0)+H48 -> 904199 | L48: =+'Vigilancia 140904'!AL10 -> 904199 | M48: =+K48-L48 -> 0
B49: 4 horas diurnas lunes a viernes con arma con festivos | C49: =($C$6/8)*4 -> 0.14925 | D49: =$C$13/30 -> 0.73333333 | E49: =+C20 -> 0.1 | F49: =+(($G$7*8.8)*C49*D49) -> 593306.56 | G49: =+F49*E49 -> 59330.656 | H49: =+ROUND(F49+G49,0) -> 652637 | I49: =+H49*10% -> 65263.7 | J49: 0.16 | K49: =+ROUND((I49*J49),0)+H49 -> 663079 | L49: =+'Vigilancia 140904'!AJ10 -> 771299 | M49: =+K49-L49 -> -108220 | N49: =+L49-H49 -> 118662
B50: 4 horas diurnas lunes a viernes con canino con festivos (18:00 - 22:00) | C50: =($C$6/8)*4 -> 0.14925 | D50: =$C$13/30 -> 0.73333333 | E50: =+C21 -> 0.11 | F50: =+(($G$7*8.8)*C50*D50) -> 593306.56 | G50: =+F50*E50 -> 65263.722 | H50: =+ROUND(F50+G50,0) -> 658570 | I50: =+H50*10% -> 65857 | J50: 0.16 | K50: =+ROUND((I50*J50),0)+H50 -> 669107 | L50: =+'Vigilancia 140904'!AN10 -> 669107 | M50: =+K50-L50 -> 0
B51: 4 horas diurnas sábados con arma | C51: =($C$6/8)*4 -> 0.14925 | D51: =($C$15/2)/30 -> 0.13333333 | E51: =+C20 -> 0.1 | F51: =+(($G$7*8.8)*C51*D51) -> 107873.92 | G51: =+F51*E51 -> 10787.392 | H51: =+ROUND(F51+G51,0) -> 118661 | I51: =+H51*10% -> 11866.1 | J51: 0.16 | K51: =+ROUND((I51*J51),0)+H51 -> 120560 | L51: =+'Vigilancia 140904'!AH10 -> 120560 | M51: =+K51-L51 -> 0
B53: Nota 1: Se estima un incremento del 3% para el SMLMV del 2015 a partir de lo definido en la Circular No. 06 de 2014 del Ministerio de Hacienda. Sin embargo, para la vigencia 2015 en el contrato a suscribir se ajustará el porcentaje de incremento del SMLMV de acuerdo a la normatividad que regula el servicio de vigilancia.

Sheet INFO GENERAL Y FINANCIERA
B8: Formato Información General Y Financiera De Proveedores
B10: Ciudad | M10: Fecha Dd/mm/aa | AD10: Persona Natural
AD11: Persona Jurídica
B12: 1. Información General
B13: 1.1. Identificación.
B14: Personas naturales | F14: Nombre Comercial | U14: Nombres y Apellidos | AK14: Cédula
B16: Personas jurídicas | F16: Razón Social | U16: NIT | AK16: DV
B18: Dirección | U18: Teléfono | AD18: Fax | AK18: Ciudad
B20: Pagina Web | U20: Años de Constitución | AD20: Sector al que pertenece
B22: 1.2. Personas De Contacto
B23: Gerente General | K23: E-mail | U23: Teléfono | AD23: Ext. | AK23: Celular
B25: Director Comercial | K25: E-mail | U25: Teléfono | AD25: Ext. | AK25: Celular
B27: Asesor Comercial | K27: E-mail | U27: Teléfono | AD27: Ext. | AK27: Celular
B29: 1.3. Productos Y Servicios Inscritos En El Rup De Acuerdo Con El Unspsc
B30: Incluir Listado Con Breve Descripción De Los Productos Y/o Servicios Que Ofrece La Compañía, Registrados En El Rup (agregue Las Filas Necesarias) | AK30: Código de Naciones Unidas
B36: 1.4. Códigos CIIU | AK36: 1.5. Número De Empleados
B37: Código De Actividad | F37: Descripción Actividad Económica CIIU | AD37: Tarifa ICA
B41: 2. Información Financiera - A Diciembre 31 De 2013
B42: Nombre Del Indicador | M42: Cuenta | U42: Valores En Pesos | AD42: Indicador
B43: Capacidad Financiera | F43: índice De Liquidez | M43: Activo Corriente --> | AD43: =+IFERROR(U43/U44,0) -> 0 | AK43: Veces
M44: Pasivo Corriente -->
F45: Índice De Endeudamiento | M45: Pasivo Total--> | AD45: =+IFERROR(U45/U46,0) -> 0 | AK45: Porcentaje
M46: Activo Total-->
F47: Razón De Cobertura De Intereses | M47: Utilidad Operacional--> | AD47: =+IFERROR(U47/U48,0) -> 0 | AK47: Veces
M48: Gastos De Interés-->
B49: Capacidad Organizacional | F49: Rentabilidad Del Patrimonio | M49: Utilidad Operacional--> | AD49: =+IFERROR(U49/U50,0) -> 0 | AK49: Porcentaje
M50: Patrimonio-->
F51: Rentabilidad Del Activo | M51: Utilidad Operacional--> | AD51: =+IFERROR(U51/U52,0) -> 0 | AK51: Porcentaje
M52: Activo Total-->
B53: Nota: Para las empresas inspeccionadas, vigiladas o controladas por la Supersociedades, la información consignada en este numeral será validada con la reportada a la Supersociedades y disponible para consulta en Internet mediante el Sistema de Información y Riesgo Empresarial de la Supersociedades (SIREM). Si se evidencian diferencias en los valores consignados en este formato y los reportados a la Supersociedades se tomará como referencia la información del SIREM.
B54: Otra información relevante de la empresa (consigne en este espacio otra información que considere de interés)

Sheet FORMATO DE COTIZACIÓN
B9: SOLICITUD DE COTIZACIÓN
B10: Empresa: | D10: Nit: | H10: Fecha:
B11: Contacto: | D11: Cargo: | H11: Tel. celular:
B12: E-Mail: | D12: Dirección: | H12: Tel. fijo:
B14: Instrucciones para el diligenciamiento del formato de cotización
B15: • Por favor diligenciar solo las celdas en AMARILLO. Se deben llenar todas las casillas. • Revisar todos los requerimientos que se exponen en el documento "Ficha de Condiciones Técnicas" y formular su cotización en concordancia con este. • Asignar precio MENSUAL sin incluir el IVA para cada ítem de los elementos tecnológicos en cada Macro Región. • El valor de la cotización deber ser expresado en PESOS COLOMBIANOS. • Los valores unitarios deberán aproximarse por exceso o por defecto al entero más cercano. Si la cifra no está aproximada y aparece con centavos, el ICBF aproximará al entero inferior. • No modificar, agregar o quitar ningún ítem o sub-ítem. • Por favor indicar en la hoja "Medios Tecnológicos" si los equipos cotizados son nuevos o usados, y de igual manera precisar si son propios o alquilados.
B16: Notas: (1) Se estima un incremento del 3% para el SMLMV del 2015 a partir de lo definido en la Circular No. 06 de 2014 del Ministerio de Hacienda. Sin embargo, para la vigencia 2015 en el contrato a suscribir se ajustará el porcentaje de incremento del SMLMV de acuerdo a la normatividad que regula el servicio de vigilancia. (2) Para efectos de cotización se requiere el valor unitario mensual para cada ítem de los elementos tecnológicos. Con dichos valores y los tomados de la circular 025 de 2014 para los turnos de vigilancia, serán realizados los cálculos para la ejecución del contrato durante 15 días en la vigencia 2014 y 11 meses en la vigencia 2015.
E18: 2014 | F18: 2015
B19: TIEMPO DE EJECUCIÓN (meses) | E19: =+' Circular 025 de 2014'!G6 -> 0.5 | F19: =+' Circular 025 de 2014'!H6 -> 11
B20: SMLMV (Nota 1) | E20: 616000 | F20: =+' Circular 025 de 2014'!H7 -> 634480
D22: MACRO REGIÓN UNO (1) | G22: MACRO REGIÓN DOS (2) | J22: MACRO REGIÓN TRES (3) | M22: MACRO REGIÓN CUATRO (4) | P22: MACRO REGIÓN CINCO (5)
B23: TURNOS DE VIGILANCIA | D23: Cantidad | E23: Valor Unitario Mensual Antes de IVA | F23: Valor Total Mensual Antes de IVA | G23: Cantidad | H23: Valor Unitario Mensual Antes de IVA | I23: Valor Total Mensual Antes de IVA | J23: Cantidad | K23: Valor Unitario Mensual Antes de IVA | L23: Valor Total Mensual Antes de IVA | M23: Cantidad | N23: Valor Unitario Mensual Antes de IVA | O23: Valor Total Mensual Antes de IVA | P23: Cantidad | Q23: Valor Unitario Mensual Antes de IVA | R23: Valor Total Mensual Antes de IVA
B24: 24 horas lunes a domingo sin arma | D24: =1+1 -> 2 | E24: =+IF(D24=0,0,(VLOOKUP($B24,' Circular 025 de 2014'!$B$24:$H$51,7,0))) -> 5854464 | F24: =+E24*D24 -> 11708928 | G24: 8 | H24: =+IF(G24=0,0,(VLOOKUP($B24,' Circular 025 de 2014'!$B$24:$H$51,7,0))) -> 5854464 | I24: =+H24*G24 -> 46835712 | J24: 1 | K24: =+IF(J24=0,0,(VLOOKUP($B24,' Circular 025 de 2014'!$B$24:$H$51,7,0))) -> 5854464 | L24: =+K24*J24 -> 5854464 | N24: =+IF(M24=0,0,(VLOOKUP($B24,' Circular 025 de 2014'!$B$24:$H$51,7,0))) -> 0 | O24: =+N24*M24 -> 0 | P24: =2+3 -> 5 | Q24: =+IF(P24=0,0,(VLOOKUP($B24,' Circular 025 de 2014'!$B$24:$H$51,7,0))) -> 5854464 | R24: =+Q24*P24 -> 29272320
B25: 24 horas lunes a domingo con arma | D25: =5+49+23+9+2+1+9 -> 98 | E25: =+IF(D25=0,0,(VLOOKUP($B25,' Circular 025 de 2014'!$B$24:$H$51,7,0))) -> 5962880 | F25: =+E25*D25 -> 584362240 | G25: =21+14+8+13+10+6+1 -> 73 | H25: =+IF(G25=0,0,(VLOOKUP($B25,' Circular 025 de 2014'!$B$24:$H$51,7,0))) -> 5962880 | I25: =+H25*G25 -> 435290240 | J25: =19+5+6+6+10+9 -> 55 | K25: =+IF(J25=0,0,(VLOOKUP($B25,' Circular 025 de 2014'!$B$24:$H$51,7,0))) -> 5962880 | L25: =+K25*J25 -> 327958400 | M25: =14+14+9+6+6+4 -> 53 | N25: =+IF(M25=0,0,(VLOOKUP($B25,' Circular 025 de 2014'!$B$24:$H$51,7,0))) -> 5962880 | O25: =+N25*M25 -> 316032640 | P25: =11+15+9+11+3+5+1 -> 55 | Q25: =+IF(P25=0,0,(VLOOKUP($B25,' Circular 025 de 2014'!$B$24:$H$51,7,0))) -> 5962880 | R25: =+Q25*P25 -> 327958400
B26: 16 horas diurnas lunes a viernes sin arma con festivos | D26: 1 | E26: =+IF(D26=0,0,(VLOOKUP($B26,' Circular 025 de 2014'!$B$24:$H$51,7,0))) -> 2563084 | F26: =+E26*D26 -> 2563084 | H26: =+IF(G26=0,0,(VLOOKUP($B26,' Circular 025 de 2014'!$B$24:$H$51,7,0))) -> 0 | I26: =+H26*G26 -> 0 | K26: =+IF(J26=0,0,(VLOOKUP($B26,' Circular 025 de 2014'!$B$24:$H$51,7,0))) -> 0 | L26: =+K26*J26 -> 0 | N26: =+IF(M26=0,0,(VLOOKUP($B26,' Circular 025 de 2014'!$B$24:$H$51,7,0))) -> 0 | O26: =+N26*M26 -> 0 | Q26: =+IF(P26=0,0,(VLOOKUP($B26,' Circular 025 de 2014'!$B$24:$H$51,7,0))) -> 0 | R26: =+Q26*P26 -> 0
B27: 16 horas diurnas lunes a viernes con arma con festivos | E27: =+IF(D27=0,0,(VLOOKUP($B27,' Circular 025 de 2014'!$B$24:$H$51,7,0))) -> 0 | F27: =+E27*D27 -> 0 | G27: 1 | H27: =+IF(G27=0,0,(VLOOKUP($B27,' Circular 025 de 2014'!$B$24:$H$51,7,0))) -> 2610549 | I27: =+H27*G27 -> 2610549 | K27: =+IF(J27=0,0,(VLOOKUP($B27,' Circular 025 de 2014'!$B$24:$H$51,7,0))) -> 0 | L27: =+K27*J27 -> 0 | N27: =+IF(M27=0,0,(VLOOKUP($B27,' Circular 025 de 2014'!$B$24:$H$51,7,0))) -> 0 | O27: =+N27*M27 -> 0 | Q27: =+IF(P27=0,0,(VLOOKUP($B27,' Circular 025 de 2014'!$B$24:$H$51,7,0))) -> 0 | R27: =+Q27*P27 -> 0
B28: 12 horas diurnas lunes a domingo sin arma | D28: 2 | E28: =+IF(D28=0,0,(VLOOKUP($B28,' Circular 025 de 2014'!$B$24:$H$51,7,0))) -> 2621336 | F28: =+E28*D28 -> 5242672 | H28: =+IF(G28=0,0,(VLOOKUP($B28,' Circular 025 de 2014'!$B$24:$H$51,7,0))) -> 0 | I28: =+H28*G28 -> 0 | K28: =+IF(J28=0,0,(VLOOKUP($B28,' Circular 025 de 2014'!$B$24:$H$51,7,0))) -> 0 | L28: =+K28*J28 -> 0 | N28: =+IF(M28=0,0,(VLOOKUP($B28,' Circular 025 de 2014'!$B$24:$H$51,7,0))) -> 0 | O28: =+N28*M28 -> 0 | P28: 1 | Q28: =+IF(P28=0,0,(VLOOKUP($B28,' Circular 025 de 2014'!$B$24:$H$51,7,0))) -> 2621336 | R28: =+Q28*P28 -> 2621336
B29: 12 horas diurnas lunes a domingo con arma | D29: 2 | E29: =+IF(D29=0,0,(VLOOKUP($B29,' Circular 025 de 2014'!$B$24:$H$51,7,0))) -> 2669880 | F29: =+E29*D29 -> 5339760 | G29: 1 | H29: =+IF(G29=0,0,(VLOOKUP($B29,' Circular 025 de 2014'!$B$24:$H$51,7,0))) -> 2669880 | I29: =+H29*G29 -> 2669880 | J29: =1+1 -> 2 | K29: =+IF(J29=0,0,(VLOOKUP($B29,' Circular 025 de 2014'!$B$24:$H$51,7,0))) -> 2669880 | L29: =+K29*J29 -> 5339760 | M29: 2 | N29: =+IF(M29=0,0,(VLOOKUP($B29,' Circular 025 de 2014'!$B$24:$H$51,7,0))) -> 2669880 | O29: =+N29*M29 -> 5339760 | P29: =3+2 -> 5 | Q29: =+IF(P29=0,0,(VLOOKUP($B29,' Circular 025 de 2014'!$B$24:$H$51,7,0))) -> 2669880 | R29: =+Q29*P29 -> 13349400
B30: 12 horas diurnas lunes a domingo con canino | D30: 1 | E30: =+IF(D30=0,0,(VLOOKUP($B30,' Circular 025 de 2014'!$B$24:$H$51,7,0))) -> 2694151 | F30: =+E30*D30 -> 2694151 | H30: =+IF(G30=0,0,(VLOOKUP($B30,' Circular 025 de 2014'!$B$24:$H$51,7,0))) -> 0 | I30: =+H30*G30 -> 0 | K30: =+IF(J30=0,0,(VLOOKUP($B30,' Circular 025 de 2014'!$B$24:$H$51,7,0))) -> 0 | L30: =+K30*J30 -> 0 | N30: =+IF(M30=0,0,(VLOOKUP($B30,' Circular 025 de 2014'!$B$24:$H$51,7,0))) -> 0 | O30: =+N30*M30 -> 0 | Q30: =+IF(P30=0,0,(VLOOKUP($B30,' Circular 025 de 2014'!$B$24:$H$51,7,0))) -> 0 | R30: =+Q30*P30 -> 0
B31: 12 horas diurnas lunes a sábado con arma con festivos | E31: =+IF(D31=0,0,(VLOOKUP($B31,' Circular 025 de 2014'!$B$24:$H$51,7,0))) -> 0 | F31: =+E31*D31 -> 0 | H31: =+IF(G31=0,0,(VLOOKUP($B31,' Circular 025 de 2014'!$B$24:$H$51,7,0))) -> 0 | I31: =+H31*G31 -> 0 | J31: 2 | K31: =+IF(J31=0,0,(VLOOKUP($B31,' Circular 025 de 2014'!$B$24:$H$51,7,0))) -> 2313896 | L31: =+K31*J31 -> 4627792 | N31: =+IF(M31=0,0,(VLOOKUP($B31,' Circular 025 de 2014'!$B$24:$H$51,7,0))) -> 0 | O31: =+N31*M31 -> 0 | Q31: =+IF(P31=0,0,(VLOOKUP($B31,' Circular 025 de 2014'!$B$24:$H$51,7,0))) -> 0 | R31: =+Q31*P31 -> 0
B32: 12 horas diurnas lunes a viernes sin arma con festivos | D32: =9+13+2 -> 24 | E32: =+IF(D32=0,0,(VLOOKUP($B32,' Circular 025 de 2014'!$B$24:$H$51,7,0))) -> 1922313 | F32: =+E32*D32 -> 46135512 | H32: =+IF(G32=0,0,(VLOOKUP($B32,' Circular 025 de 2014'!$B$24:$H$51,7,0))) -> 0 | I32: =+H32*G32 -> 0 | J32: 1 | K32: =+IF(J32=0,0,(VLOOKUP($B32,' Circular 025 de 2014'!$B$24:$H$51,7,0))) -> 1922313 | L32: =+K32*J32 -> 1922313 | N32: =+IF(M32=0,0,(VLOOKUP($B32,' Circular 025 de 2014'!$B$24:$H$51,7,0))) -> 0 | O32: =+N32*M32 -> 0 | Q32: =+IF(P32=0,0,(VLOOKUP($B32,' Circular 025 de 2014'!$B$24:$H$51,7,0))) -> 0 | R32: =+Q32*P32 -> 0
B33: 12 horas diurnas lunes a viernes sin arma sin festivos | E33: =+IF(D33=0,0,(VLOOKUP($B33,' Circular 025 de 2014'!$B$24:$H$51,7,0))) -> 0 | F33: =+E33*D33 -> 0 | G33: 3 | H33: =+IF(G33=0,0,(VLOOKUP($B33,' Circular 025 de 2014'!$B$24:$H$51,7,0))) -> 1747558 | I33: =+H33*G33 -> 5242674 | J33: 1 | K33: =+IF(J33=0,0,(VLOOKUP($B33,' Circular 025 de 2014'!$B$24:$H$51,7,0))) -> 1747558 | L33: =+K33*J33 -> 1747558 | N33: =+IF(M33=0,0,(VLOOKUP($B33,' Circular 025 de 2014'!$B$24:$H$51,7,0))) -> 0 | O33: =+N33*M33 -> 0 | P33: =2+1 -> 3 | Q33: =+IF(P33=0,0,(VLOOKUP($B33,' Circular 025 de 2014'!$B$24:$H$51,7,0))) -> 1747558 | R33: =+Q33*P33 -> 5242674
B34: 12 horas diurnas lunes a viernes con arma con festivos | D34: =10+3 -> 13 | E34: =+IF(D34=0,0,(VLOOKUP($B34,' Circular 025 de 2014'!$B$24:$H$51,7,0))) -> 1957912 | F34: =+E34*D34 -> 25452856 | G34: 3 | H34: =+IF(G34=0,0,(VLOOKUP($B34,' Circular 025 de 2014'!$B$24:$H$51,7,0))) -> 1957912 | I34: =+H34*G34 -> 5873736 | J34: =1+5+2 -> 8 | K34: =+IF(J34=0,0,(VLOOKUP($B34,' Circular 025 de 2014'!$B$24:$H$51,7,0))) -> 1957912 | L34: =+K34*J34 -> 15663296 | M34: =1+1 -> 2 | N34: =+IF(M34=0,0,(VLOOKUP($B34,' Circular 025 de 2014'!$B$24:$H$51,7,0))) -> 1957912 | O34: =+N34*M34 -> 3915824 | P34: 1 | Q34: =+IF(P34=0,0,(VLOOKUP($B34,' Circular 025 de 2014'!$B$24:$H$51,7,0))) -> 1957912 | R34: =+Q34*P34 -> 1957912
B35: 12 horas diurnas lunes a viernes con arma sin festivos | E35: =+IF(D35=0,0,(VLOOKUP($B35,' Circular 025 de 2014'!$B$24:$H$51,7,0))) -> 0 | F35: =+E35*D35 -> 0 | G35: 4 | H35: =+IF(G35=0,0,(VLOOKUP($B35,' Circular 025 de 2014'!$B$24:$H$51,7,0))) -> 1779920 | I35: =+H35*G35 -> 7119680 | J35: 1 | K35: =+IF(J35=0,0,(VLOOKUP($B35,' Circular 025 de 2014'!$B$24:$H$51,7,0))) -> 1779920 | L35: =+K35*J35 -> 1779920 | M35: 1 | N35: =+IF(M35=0,0,(VLOOKUP($B35,' Circular 025 de 2014'!$B$24:$H$51,7,0))) -> 1779920 | O35: =+N35*M35 -> 1779920 | Q35: =+IF(P35=0,0,(VLOOKUP($B35,' Circular 025 de 2014'!$B$24:$H$51,7,0))) -> 0 | R35: =+Q35*P35 -> 0
B36: 12 horas diurnas lunes a viernes con canino con festivos | D36: =1+1 -> 2 | E36: =+IF(D36=0,0,(VLOOKUP($B36,' Circular 025 de 2014'!$B$24:$H$51,7,0))) -> 1975711 | F36: =+E36*D36 -> 3951422 | H36: =+IF(G36=0,0,(VLOOKUP($B36,' Circular 025 de 2014'!$B$24:$H$51,7,0))) -> 0 | I36: =+H36*G36 -> 0 | K36: =+IF(J36=0,0,(VLOOKUP($B36,' Circular 025 de 2014'!$B$24:$H$51,7,0))) -> 0 | L36: =+K36*J36 -> 0 | N36: =+IF(M36=0,0,(VLOOKUP($B36,' Circular 025 de 2014'!$B$24:$H$51,7,0))) -> 0 | O36: =+N36*M36 -> 0 | Q36: =+IF(P36=0,0,(VLOOKUP($B36,' Circular 025 de 2014'!$B$24:$H$51,7,0))) -> 0 | R36: =+Q36*P36 -> 0
B37: 10 horas diurnas lunes a domingo con arma | E37: =+IF(D37=0,0,(VLOOKUP($B37,' Circular 025 de 2014'!$B$24:$H$51,7,0))) -> 0 | F37: =+E37*D37 -> 0 | G37: 2 | H37: =+IF(G37=0,0,(VLOOKUP($B37,' Circular 025 de 2014'!$B$24:$H$51,7,0))) -> 2224900 | I37: =+H37*G37 -> 4449800 | K37: =+IF(J37=0,0,(VLOOKUP($B37,' Circular 025 de 2014'!$B$24:$H$51,7,0))) -> 0 | L37: =+K37*J37 -> 0 | N37: =+IF(M37=0,0,(VLOOKUP($B37,' Circular 025 de 2014'!$B$24:$H$51,7,0))) -> 0 | O37: =+N37*M37 -> 0 | Q37: =+IF(P37=0,0,(VLOOKUP($B37,' Circular 025 de 2014'!$B$24:$H$51,7,0))) -> 0 | R37: =+Q37*P37 -> 0
B38: 10 horas diurnas lunes a viernes sin arma con festivos | D38: 3 | E38: =+IF(D38=0,0,(VLOOKUP($B38,' Circular 025 de 2014'!$B$24:$H$51,7,0))) -> 1601928 | F38: =+E38*D38 -> 4805784 | H38: =+IF(G38=0,0,(VLOOKUP($B38,' Circular 025 de 2014'!$B$24:$H$51,7,0))) -> 0 | I38: =+H38*G38 -> 0 | K38: =+IF(J38=0,0,(VLOOKUP($B38,' Circular 025 de 2014'!$B$24:$H$51,7,0))) -> 0 | L38: =+K38*J38 -> 0 | N38: =+IF(M38=0,0,(VLOOKUP($B38,' Circular 025 de 2014'!$B$24:$H$51,7,0))) -> 0 | O38: =+N38*M38 -> 0 | Q38: =+IF(P38=0,0,(VLOOKUP($B38,' Circular 025 de 2014'!$B$24:$H$51,7,0))) -> 0 | R38: =+Q38*P38 -> 0
B39: 10 horas diurnas lunes a viernes con arma con festivos | E39: =+IF(D39=0,0,(VLOOKUP($B39,' Circular 025 de 2014'!$B$24:$H$51,7,0))) -> 0 | F39: =+E39*D39 -> 0 | H39: =+IF(G39=0,0,(VLOOKUP($B39,' Circular 025 de 2014'!$B$24:$H$51,7,0))) -> 0 | I39: =+H39*G39 -> 0 | J39: 1 | K39: =+IF(J39=0,0,(VLOOKUP($B39,' Circular 025 de 2014'!$B$24:$H$51,7,0))) -> 1631593 | L39: =+K39*J39 -> 1631593 | N39: =+IF(M39=0,0,(VLOOKUP($B39,' Circular 025 de 2014'!$B$24:$H$51,7,0))) -> 0 | O39: =+N39*M39 -> 0 | Q39: =+IF(P39=0,0,(VLOOKUP($B39,' Circular 025 de 2014'!$B$24:$H$51,7,0))) -> 0 | R39: =+Q39*P39 -> 0
B40: 9 horas diurnas lunes a viernes sin arma con festivos | E40: =+IF(D40=0,0,(VLOOKUP($B40,' Circular 025 de 2014'!$B$24:$H$51,7,0))) -> 0 | F40: =+E40*D40 -> 0 | H40: =+IF(G40=0,0,(VLOOKUP($B40,' Circular 025 de 2014'!$B$24:$H$51,7,0))) -> 0 | I40: =+H40*G40 -> 0 | J40: 6 | K40: =+IF(J40=0,0,(VLOOKUP($B40,' Circular 025 de 2014'!$B$24:$H$51,7,0))) -> 1441735 | L40: =+K40*J40 -> 8650410 | N40: =+IF(M40=0,0,(VLOOKUP($B40,' Circular 025 de 2014'!$B$24:$H$51,7,0))) -> 0 | O40: =+N40*M40 -> 0 | Q40: =+IF(P40=0,0,(VLOOKUP($B40,' Circular 025 de 2014'!$B$24:$H$51,7,0))) -> 0 | R40: =+Q40*P40 -> 0
B41: 9 horas diurnas lunes a viernes con arma con festivos | E41: =+IF(D41=0,0,(VLOOKUP($B41,' Circular 025 de 2014'!$B$24:$H$51,7,0))) -> 0 | F41: =+E41*D41 -> 0 | H41: =+IF(G41=0,0,(VLOOKUP($B41,' Circular 025 de 2014'!$B$24:$H$51,7,0))) -> 0 | I41: =+H41*G41 -> 0 | J41: 2 | K41: =+IF(J41=0,0,(VLOOKUP($B41,' Circular 025 de 2014'!$B$24:$H$51,7,0))) -> 1468434 | L41: =+K41*J41 -> 2936868 | N41: =+IF(M41=0,0,(VLOOKUP($B41,' Circular 025 de 2014'!$B$24:$H$51,7,0))) -> 0 | O41: =+N41*M41 -> 0 | Q41: =+IF(P41=0,0,(VLOOKUP($B41,' Circular 025 de 2014'!$B$24:$H$51,7,0))) -> 0 | R41: =+Q41*P41 -> 0
B42: 8 horas nocturnas lunes a domingo con arma | E42: =+IF(D42=0,0,(VLOOKUP($B42,' Circular 025 de 2014'!$B$24:$H$51,7,0))) -> 0 | F42: =+E42*D42 -> 0 | G42: 1 | H42: =+IF(G42=0,0,(VLOOKUP($B42,' Circular 025 de 2014'!$B$24:$H$51,7,0))) -> 2403041 | I42: =+H42*G42 -> 2403041 | K42: =+IF(J42=0,0,(VLOOKUP($B42,' Circular 025 de 2014'!$B$24:$H$51,7,0))) -> 0 | L42: =+K42*J42 -> 0 | N42: =+IF(M42=0,0,(VLOOKUP($B42,' Circular 025 de 2014'!$B$24:$H$51,7,0))) -> 0 | O42: =+N42*M42 -> 0 | P42: 3 | Q42: =+IF(P42=0,0,(VLOOKUP($B42,' Circular 025 de 2014'!$B$24:$H$51,7,0))) -> 2403041 | R42: =+Q42*P42 -> 7209123
B43: 8 horas diurnas lunes a domingo con arma | E43: =+IF(D43=0,0,(VLOOKUP($B43,' Circular 025 de 2014'!$B$24:$H$51,7,0))) -> 0 | F43: =+E43*D43 -> 0 | G43: 1 | H43: =+IF(G43=0,0,(VLOOKUP($B43,' Circular 025 de 2014'!$B$24:$H$51,7,0))) -> 1779920 | I43: =+H43*G43 -> 1779920 | K43: =+IF(J43=0,0,(VLOOKUP($B43,' Circular 025 de 2014'!$B$24:$H$51,7,0))) -> 0 | L43: =+K43*J43 -> 0 | N43: =+IF(M43=0,0,(VLOOKUP($B43,' Circular 025 de 2014'!$B$24:$H$51,7,0))) -> 0 | O43: =+N43*M43 -> 0 | Q43: =+IF(P43=0,0,(VLOOKUP($B43,' Circular 025 de 2014'!$B$24:$H$51,7,0))) -> 0 | R43: =+Q43*P43 -> 0
B44: 8 horas nocturnas lunes a viernes con arma con festivos | D44: 1 | E44: =+IF(D44=0,0,(VLOOKUP($B44,' Circular 025 de 2014'!$B$24:$H$51,7,0))) -> 1762230 | F44: =+E44*D44 -> 1762230 | H44: =+IF(G44=0,0,(VLOOKUP($B44,' Circular 025 de 2014'!$B$24:$H$51,7,0))) -> 0 | I44: =+H44*G44 -> 0 | K44: =+IF(J44=0,0,(VLOOKUP($B44,' Circular 025 de 2014'!$B$24:$H$51,7,0))) -> 0 | L44: =+K44*J44 -> 0 | N44: =+IF(M44=0,0,(VLOOKUP($B44,' Circular 025 de 2014'!$B$24:$H$51,7,0))) -> 0 | O44: =+N44*M44 -> 0 | Q44: =+IF(P44=0,0,(VLOOKUP($B44,' Circular 025 de 2014'!$B$24:$H$51,7,0))) -> 0 | R44: =+Q44*P44 -> 0
B45: 8 horas diurnas lunes a viernes sin arma con festivos | E45: =+IF(D45=0,0,(VLOOKUP($B45,' Circular 025 de 2014'!$B$24:$H$51,7,0))) -> 0 | F45: =+E45*D45 -> 0 | H45: =+IF(G45=0,0,(VLOOKUP($B45,' Circular 025 de 2014'!$B$24:$H$51,7,0))) -> 0 | I45: =+H45*G45 -> 0 | J45: 3 | K45: =+IF(J45=0,0,(VLOOKUP($B45,' Circular 025 de 2014'!$B$24:$H$51,7,0))) -> 1281542 | L45: =+K45*J45 -> 3844626 | N45: =+IF(M45=0,0,(VLOOKUP($B45,' Circular 025 de 2014'!$B$24:$H$51,7,0))) -> 0 | O45: =+N45*M45 -> 0 | Q45: =+IF(P45=0,0,(VLOOKUP($B45,' Circular 025 de 2014'!$B$24:$H$51,7,0))) -> 0 | R45: =+Q45*P45 -> 0
B46: 8 horas diurnas domingo con arma | E46: =+IF(D46=0,0,(VLOOKUP($B46,' Circular 025 de 2014'!$B$24:$H$51,7,0))) -> 0 | F46: =+E46*D46 -> 0 | H46: =+IF(G46=0,0,(VLOOKUP($B46,' Circular 025 de 2014'!$B$24:$H$51,7,0))) -> 0 | I46: =+H46*G46 -> 0 | K46: =+IF(J46=0,0,(VLOOKUP($B46,' Circular 025 de 2014'!$B$24:$H$51,7,0))) -> 0 | L46: =+K46*J46 -> 0 | N46: =+IF(M46=0,0,(VLOOKUP($B46,' Circular 025 de 2014'!$B$24:$H$51,7,0))) -> 0 | O46: =+N46*M46 -> 0 | P46: 1 | Q46: =+IF(P46=0,0,(VLOOKUP($B46,' Circular 025 de 2014'!$B$24:$H$51,7,0))) -> 237323 | R46: =+Q46*P46 -> 237323
B47: 8 horas diurnas sábado con arma | E47: =+IF(D47=0,0,(VLOOKUP($B47,' Circular 025 de 2014'!$B$24:$H$51,7,0))) -> 0 | F47: =+E47*D47 -> 0 | G47: 1 | H47: =+IF(G47=0,0,(VLOOKUP($B47,' Circular 025 de 2014'!$B$24:$H$51,7,0))) -> 237323 | I47: =+H47*G47 -> 237323 | K47: =+IF(J47=0,0,(VLOOKUP($B47,' Circular 025 de 2014'!$B$24:$H$51,7,0))) -> 0 | L47: =+K47*J47 -> 0 | N47: =+IF(M47=0,0,(VLOOKUP($B47,' Circular 025 de 2014'!$B$24:$H$51,7,0))) -> 0 | O47: =+N47*M47 -> 0 | Q47: =+IF(P47=0,0,(VLOOKUP($B47,' Circular 025 de 2014'!$B$24:$H$51,7,0))) -> 0 | R47: =+Q47*P47 -> 0
B48: 4 horas diurnas lunes a domingo con arma | E48: =+IF(D48=0,0,(VLOOKUP($B48,' Circular 025 de 2014'!$B$24:$H$51,7,0))) -> 0 | F48: =+E48*D48 -> 0 | H48: =+IF(G48=0,0,(VLOOKUP($B48,' Circular 025 de 2014'!$B$24:$H$51,7,0))) -> 0 | I48: =+H48*G48 -> 0 | K48: =+IF(J48=0,0,(VLOOKUP($B48,' Circular 025 de 2014'!$B$24:$H$51,7,0))) -> 0 | L48: =+K48*J48 -> 0 | N48: =+IF(M48=0,0,(VLOOKUP($B48,' Circular 025 de 2014'!$B$24:$H$51,7,0))) -> 0 | O48: =+N48*M48 -> 0 | P48: 3 | Q48: =+IF(P48=0,0,(VLOOKUP($B48,' Circular 025 de 2014'!$B$24:$H$51,7,0))) -> 889960 | R48: =+Q48*P48 -> 2669880
B49: 4 horas diurnas lunes a viernes con arma con festivos | D49: 1 | E49: =+IF(D49=0,0,(VLOOKUP($B49,' Circular 025 de 2014'!$B$24:$H$51,7,0))) -> 652637 | F49: =+E49*D49 -> 652637 | H49: =+IF(G49=0,0,(VLOOKUP($B49,' Circular 025 de 2014'!$B$24:$H$51,7,0))) -> 0 | I49: =+H49*G49 -> 0 | K49: =+IF(J49=0,0,(VLOOKUP($B49,' Circular 025 de 2014'!$B$24:$H$51,7,0))) -> 0 | L49: =+K49*J49 -> 0 | N49: =+IF(M49=0,0,(VLOOKUP($B49,' Circular 025 de 2014'!$B$24:$H$51,7,0))) -> 0 | O49: =+N49*M49 -> 0 | Q49: =+IF(P49=0,0,(VLOOKUP($B49,' Circular 025 de 2014'!$B$24:$H$51,7,0))) -> 0 | R49: =+Q49*P49 -> 0
B50: 4 horas diurnas lunes a viernes con canino con festivos (18:00 - 22:00) | D50: 1 | E50: =+IF(D50=0,0,(VLOOKUP($B50,' Circular 025 de 2014'!$B$24:$H$51,7,0))) -> 658570 | F50: =+E50*D50 -> 658570 | H50: =+IF(G50=0,0,(VLOOKUP($B50,' Circular 025 de 2014'!$B$24:$H$51,7,0))) -> 0 | I50: =+H50*G50 -> 0 | K50: =+IF(J50=0,0,(VLOOKUP($B50,' Circular 025 de 2014'!$B$24:$H$51,7,0))) -> 0 | L50: =+K50*J50 -> 0 | N50: =+IF(M50=0,0,(VLOOKUP($B50,' Circular 025 de 2014'!$B$24:$H$51,7,0))) -> 0 | O50: =+N50*M50 -> 0 | Q50: =+IF(P50=0,0,(VLOOKUP($B50,' Circular 025 de 2014'!$B$24:$H$51,7,0))) -> 0 | R50: =+Q50*P50 -> 0
B51: 4 horas diurnas sábados con arma | E51: =+IF(D51=0,0,(VLOOKUP($B51,' Circular 025 de 2014'!$B$24:$H$51,7,0))) -> 0 | F51: =+E51*D51 -> 0 | G51: 1 | H51: =+IF(G51=0,0,(VLOOKUP($B51,' Circular 025 de 2014'!$B$24:$H$51,7,0))) -> 118661 | I51: =+H51*G51 -> 118661 | K51: =+IF(J51=0,0,(VLOOKUP($B51,' Circular 025 de 2014'!$B$24:$H$51,7,0))) -> 0 | L51: =+K51*J51 -> 0 | N51: =+IF(M51=0,0,(VLOOKUP($B51,' Circular 025 de 2014'!$B$24:$H$51,7,0))) -> 0 | O51: =+N51*M51 -> 0 | Q51: =+IF(P51=0,0,(VLOOKUP($B51,' Circular 025 de 2014'!$B$24:$H$51,7,0))) -> 0 | R51: =+Q51*P51 -> 0
B52: TOTAL POR MACRO REGIÓN | D52: =SUM(D24:D51) -> 151 | E52: SUBTOTAL 2014 | F52: =SUM(F24:F51) -> 695329846 | G52: =SUM(G24:G51) -> 99 | H52: SUBTOTAL 2014 | I52: =SUM(I24:I51) -> 514631216 | J52: =SUM(J24:J51) -> 83 | K52: SUBTOTAL 2014 | L52: =SUM(L24:L51) -> 381957000 | M52: =SUM(M24:M51) -> 58 | N52: SUBTOTAL 2014 | O52: =SUM(O24:O51) -> 327068144 | P52: =SUM(P24:P51) -> 77 | Q52: SUBTOTAL 2014 | R52: =SUM(R24:R51) -> 390518368
D53: BASE DEL 10% PARA IMPUESTO IVA | F53: =+F52*10% -> 69532985 | G53: BASE DEL 10% PARA IMPUESTO IVA | I53: =+I52*10% -> 51463122 | J53: BASE DEL 10% PARA IMPUESTO IVA | L53: =+L52*10% -> 38195700 | M53: BASE DEL 10% PARA IMPUESTO IVA | O53: =+O52*10% -> 32706814 | P53: BASE DEL 10% PARA IMPUESTO IVA | R53: =+R52*10% -> 39051837
D54: IVA | E54: 0.16 | F54: =+F53*E54 -> 11125278 | G54: IVA | H54: 0.16 | I54: =+I53*H54 -> 8234099.5 | J54: IVA | K54: 0.16 | L54: =+L53*K54 -> 6111312 | M54: IVA | N54: 0.16 | O54: =+O53*N54 -> 5233090.3 | P54: IVA | Q54: 0.16 | R54: =+R53*Q54 -> 6248293.9
D55: VALOR MENSUAL TURNOS DE VIGILANCIA MACRO REGIÓN No.1 - 2014 | F55: =+ROUND(F52+F54,0) -> 706455124 | G55: VALOR MENSUAL TURNOS DE VIGILANCIA MACRO REGIÓN No.2 - 2014 | I55: =+ROUND(I52+I54,0) -> 522865315 | J55: VALOR MENSUAL TURNOS DE VIGILANCIA MACRO REGIÓN No.3 - 2014 | L55: =+ROUND(L52+L54,0) -> 388068312 | M55: VALOR MENSUAL TURNOS DE VIGILANCIA MACRO REGIÓN No.4 - 2014 | O55: =+ROUND(O52+O54,0) -> 332301234 | P55: VALOR MENSUAL TURNOS DE VIGILANCIA MACRO REGIÓN No.5 - 2014 | R55: =+ROUND(R52+R54,0) -> 396766662
D57: MACRO REGIÓN UNO (1) | G57: MACRO REGIÓN DOS (2) | J57: MACRO REGIÓN TRES (3) | M57: MACRO REGIÓN CUATRO (4) | P57: MACRO REGIÓN CINCO (5)
B58: MEDIOS TECNOLÓGICOS Y MONITOREO | D58: Cantidad | E58: Valor Unitario Mensual Antes de IVA | F58: Valor Total Mensual Antes de IVA | G58: Cantidad | H58: Valor Unitario Mensual Antes de IVA | I58: Valor Total Mensual Antes de IVA | J58: Cantidad | K58: Valor Unitario Mensual Antes de IVA | L58: Valor Total Mensual Antes de IVA | M58: Cantidad | N58: Valor Unitario Mensual Antes de IVA | O58: Valor Total Mensual Antes de IVA | P58: Cantidad | Q58: Valor Unitario Mensual Antes de IVA | R58: Valor Total Mensual Antes de IVA
B59: Detectores Manuales de Metales | D59: 49 | F59: =+E59*D59 -> 0 | G59: 68 | I59: =+H59*G59 -> 0 | J59: 52 | L59: =+K59*J59 -> 0 | M59: 33 | O59: =+N59*M59 -> 0 | P59: 45 | R59: =+Q59*P59 -> 0
B60: Computadores All in One | D60: 12 | F60: =+E60*D60 -> 0 | G60: 8 | I60: =+H60*G60 -> 0 | J60: 8 | L60: =+K60*J60 -> 0 | M60: 7 | O60: =+N60*M60 -> 0 | P60: 7 | R60: =+Q60*P60 -> 0
B61: Arcos Detectores de Metales | D61: 26 | F61: =+E61*D61 -> 0 | G61: 11 | I61: =+H61*G61 -> 0 | J61: 9 | L61: =+K61*J61 -> 0 | M61: 7 | O61: =+N61*M61 -> 0 | P61: 6 | R61: =+Q61*P61 -> 0
B62: Circuitos Cerrados de TV | D62: 21 | F62: =+E62*D62 -> 0 | G62: 61 | I62: =+H62*G62 -> 0 | J62: 53 | L62: =+K62*J62 -> 0 | M62: 35 | O62: =+N62*M62 -> 0 | P62: 47 | R62: =+Q62*P62 -> 0
B63: Armerillos | D63: 25 | F63: =+E63*D63 -> 0 | G63: 33 | I63: =+H63*G63 -> 0 | J63: 12 | L63: =+K63*J63 -> 0 | M63: 7 | O63: =+N63*M63 -> 0 | P63: 19 | R63: =+Q63*P63 -> 0
B64: Linternas de batería recargable | D64: =SUM(D24:D25) -> 100 | F64: =+E64*D64 -> 0 | G64: =SUM(G24:G25) -> 81 | I64: =+H64*G64 -> 0 | J64: =SUM(J24:J25) -> 56 | L64: =+K64*J64 -> 0 | M64: =SUM(M24:M25) -> 53 | O64: =+N64*M64 -> 0 | P64: =SUM(P24:P25) -> 60 | R64: =+Q64*P64 -> 0
B65: Equipos de comunicación portátiles con un alcance mínimo de cuatro (4) kilómetros (punto a punto), para la prestación del servicio y/o equipos Avantel y/o celulares abiertos y/o con plan de minutos para enviar o recibir llamadas en cualquier momento. | D65: =+D$52 -> 151 | F65: =+E65*D65 -> 0 | G65: =+G$52 -> 99 | I65: =+H65*G65 -> 0 | J65: =+J$52 -> 83 | L65: =+K65*J65 -> 0 | M65: =+M$52 -> 58 | O65: =+N65*M65 -> 0 | P65: =+P$52 -> 77 | R65: =+Q65*P65 -> 0
B66: Lámparas de emergencia recargables (Nota 3) | D66: =+D$52 -> 151 | F66: =+E66*D66 -> 0 | G66: =+G$52 -> 99 | I66: =+H66*G66 -> 0 | J66: =+J$52 -> 83 | L66: =+K66*J66 -> 0 | M66: =+M$52 -> 58 | O66: =+N66*M66 -> 0 | P66: =+P$52 -> 77 | R66: =+Q66*P66 -> 0
B67: Monitoreo de alarmas (Nota 3) | D67: =+D$52 -> 151 | F67: =+E67*D67 -> 0 | G67: =+G$52 -> 99 | I67: =+H67*G67 -> 0 | J67: =+J$52 -> 83 | L67: =+K67*J67 -> 0 | M67: =+M$52 -> 58 | O67: =+N67*M67 -> 0 | P67: =+P$52 -> 77 | R67: =+Q67*P67 -> 0
B68: Equipos para la verificación de la revista realizada para la supervisión del contrato (Chips de punteo) (Nota 3) | D68: =+D$52 -> 151 | F68: =+E68*D68 -> 0 | G68: =+G$52 -> 99 | I68: =+H68*G68 -> 0 | J68: =+J$52 -> 83 | L68: =+K68*J68 -> 0 | M68: =+M$52 -> 58 | O68: =+N68*M68 -> 0 | P68: =+P$52 -> 77 | R68: =+Q68*P68 -> 0
B69: TOTAL POR MACRO REGIÓN | D69: =SUM(D59:D68) -> 837 | E69: SUBTOTAL 2014 | F69: =SUM(F59:F68) -> 0 | G69: =SUM(G59:G68) -> 658 | H69: SUBTOTAL 2014 | I69: =SUM(I59:I68) -> 0 | J69: =SUM(J59:J68) -> 522 | K69: SUBTOTAL 2014 | L69: =SUM(L59:L68) -> 0 | M69: =SUM(M59:M68) -> 374 | N69: SUBTOTAL 2014 | O69: =SUM(O59:O68) -> 0 | P69: =SUM(P59:P68) -> 492 | Q69: SUBTOTAL 2014 | R69: =SUM(R59:R68) -> 0
D70: BASE DEL 10% PARA IMPUESTO IVA | F70: =+F69*10% -> 0 | G70: BASE DEL 10% PARA IMPUESTO IVA | I70: =+I69*10% -> 0 | J70: BASE DEL 10% PARA IMPUESTO IVA | L70: =+L69*10% -> 0 | M70: BASE DEL 10% PARA IMPUESTO IVA | O70: =+O69*10% -> 0 | P70: BASE DEL 10% PARA IMPUESTO IVA | R70: =+R69*10% -> 0
D71: IVA | E71: 0.16 | F71: =+F70*E71 -> 0 | G71: IVA | H71: 0.16 | I71: =+I70*H71 -> 0 | J71: IVA | K71: 0.16 | L71: =+L70*K71 -> 0 | M71: IVA | N71: 0.16 | O71: =+O70*N71 -> 0 | P71: IVA | Q71: 0.16 | R71: =+R70*Q71 -> 0
D72: VALOR MENSUAL MEDIOS TECNOLÓGICOS Y MONITOREO MACRO REGIÓN No.1 - 2014 | F72: =+ROUND(F69+F71,0) -> 0 | G72: VALOR MENSUAL MEDIOS TECNOLÓGICOS Y MONITOREO MACRO REGIÓN No.2 - 2014 | I72: =+ROUND(I69+I71,0) -> 0 | J72: VALOR MENSUAL MEDIOS TECNOLÓGICOS Y MONITOREO MACRO REGIÓN No.3 - 2014 | L72: =+ROUND(L69+L71,0) -> 0 | M72: VALOR MENSUAL MEDIOS TECNOLÓGICOS Y MONITOREO MACRO REGIÓN No.4 - 2014 | O72: =+ROUND(O69+O71,0) -> 0 | P72: VALOR MENSUAL MEDIOS TECNOLÓGICOS Y MONITOREO MACRO REGIÓN No.5 - 2014 | R72: =+ROUND(R69+R71,0) -> 0
D74: TOTAL SERVICIO MENSUAL DE VIGILANCIA 2014 MACRO REGIÓN No.1 | F74: =+F55+F72 -> 706455124 | G74: TOTAL SERVICIO MENSUAL DE VIGILANCIA 2014 MACRO REGIÓN No.2 | I74: =+I55+I72 -> 522865315 | J74: TOTAL SERVICIO MENSUAL DE VIGILANCIA 2014 MACRO REGIÓN No.3 | L74: =+L55+L72 -> 388068312 | M74: TOTAL SERVICIO MENSUAL DE VIGILANCIA 2014 MACRO REGIÓN No.4 | O74: =+O55+O72 -> 332301234 | P74: TOTAL SERVICIO MENSUAL DE VIGILANCIA 2014 MACRO REGIÓN No.5 | R74: =+R55+R72 -> 396766662
B76: Nota 3: Para el presente estudio de mercado se estima que la cantidad de elementos requeridos con respecto a "Lámparas de emergencia; Monitoreo de alarmas y Chips de punteo", será de un elemento por cada puesto de vigilancia. Sin embargo, como se establece en la ficha técnica, las cantidades de estos elementos serán establecidas posteriormente de acuerdo con la necesidad y los estudios de seguridad elaborados por la Coordinación Nacional de Seguridad del ICBF.
B79: La presente cotización:
B80: • Incluye todos los costos y gastos directos e indirectos en que debe incurrir el contratista durante la ejecución del contrato de acuerdo con las especificaciones de la Ficha de Condiciones Técnicas, las obligaciones tributarias de acuerdo con las normas aplicables para el tipo de servicio y contrato correspondiente, y los costos de las pólizas. • Se remite como parte del estudio de mercado, previo a la contratación, y no implica ninguna obligación de contratar. • Tiene una vigencia de 90 días a partir de la fecha de diligenciamiento.
B81: Inscripción en el Registro Único de Proponentes: Las personas naturales y jurídicas, nacionales o extranjeras, con domicilio en Colombia, interesadas en participar en procesos de contratación convocados por las entidades estatales, deben estar inscritas en el RUP, salvo las excepciones previstas de forma taxativa en la ley (Artículo 8 del Decreto 1510 de 2013). Se aclara que esta inscripción no se requiere para remitir cotización durante el estudio de mercado.

Sheet Medios Tecnológicos
B2: Nota: Por favor indicar con una X en el siguiente cuadro si los equipos cotizados son nuevos o usados, y de igual manera precisar si son propios o alquilados. (FAVOR DILIGENCIAR SEGÚN CORRESPONDA)
B5: MEDIOS TECNOLÓGICOS Y MONITOREO | C5: Equipos Nuevos | D5: Equipos Usados | E5: Equipos Propios | F5: Equipos Alquilados
B6: Detectores Manuales de Metales
B7: Computadores All in One
B8: Arcos Detectores de Metales
B9: Circuitos Cerrados de TV
B10: Armerillos
B11: Linternas de batería recargable
B12: Equipos de comunicación portátiles con un alcance mínimo de cuatro (4) kilómetros (punto a punto), para la prestación del servicio y/o equipos Avantel y/o celulares abiertos y/o con plan de minutos para enviar o recibir llamadas en cualquier momento.
B13: Lámparas de emergencia recargables
B14: Monitoreo de alarmas
B15: Equipos para la verificación de la revista realizada para la supervisión del contrato (Chips de punteo)

Sheet POLIZAS
B9: CONCEPTOS A TENER EN CUENTA PARA REALIZAR LA COTIZACIÓN DE DOTACIÓN INDUSTRIAL
B12: El presente cuadro es de carácter informativo, no se debe diligenciar. Sin embargo se entiende que la cotización incluye la totalidad de los conceptos relacionados a continuación.
B14: PÓLIZAS PARA LEGALIZACIÓN DEL CONTRATO
B16: CONCEPTO | D16: COBERTURA | E16: PLAZO (En Meses)
B17: Garantía de Seriedad de la oferta | D17: 0.1 | E17: Plazo de Ejecución
B18: Cumplimiento | D18: 0.2 | E18: Plazo de ejecución + 4 meses mas
B19: Salarios, Prestaciones | D19: 0.1 | E19: Plazo de ejecución + 36 meses mas
B20: Calidad de los Servicios | D20: 0.2 | E20: Plazo de ejecución + 4 meses mas
B21: Responsabilidad civil extracontractual | D21: 0.1 | E21: Plazo de Ejecución
B22: Cobertura: Corresponde al porcentaje del valor total del contrato a amparar.

Sheet INFO EXPERIENCIA
B8: EXPERIENCIA EN CONTRATACION EN LOS ULTIMOS 5 AÑOS
B9: EXPERIENCIA EN CONTRATACIÓN EN LOS ÚLTIMOS 5 AÑOS
B11: Con el fin de conocer la experiencia con la que cuentan las empresas del sector relacionada con el objeto del presente estudio de mercado, agradecemos diligenciar el cuadro que sigue con base en los contratos suscritos en los últimos 5 años, cuyos objetos están relacionados con el objeto del presente estudio de mercado
B13: Tipo de entidad | C13: Entidad o Empresa | D13: Numero del contrato | E13: Objeto del contrato | F13: Fecha de suscripción (dd/mmm/aa) | G13: Plazo de ejecución (en años) | H13: Forma de participación (UT, consorcio, individual) | I13: % de participación | J13: Valor total ejecutado del contrato (de acuerdo con el % de participación)
B25: Nota: Agregar las filas necesarias para reportar la experiencia
